Workbook
Name ANUAL: #REF!
Name B_2010_original_sg_a: [1]ORIGINAL_SG!$A$10:$E$104
Name BASE: #REF!
Name BUOAP: '[2]UO AP'!$A$1:$D$64
Name CONSTANTES: #REF!
Name CORRIENTES: #REF!
Name Daños_CH_2011: '[3]Ptto Pòlizas CH y Mandos'!$O$45
Name hidden1: [4]hidden1!$A$1:$A$26
Name hidden2: [4]hidden2!$A$1:$A$41
Name hidden4: [4]hidden4!$A$1:$A$2
Name hidden6: [4]hidden6!$A$1:$A$3
Name Inflaciòn_2011: '[3]Estimación Ptto 2011'!$C$83
Name inicial: #REF!
Name Monto_Severidad_EE: '[3]Severidad EE'!$I$8
Name Monto_Severidad_II: '[3]Severidad II'!$I$11
Name Monto_Severidad_RC: '[3]Severidad RC'!$I$8
Name RESUMEN: #REF!
Name Tasa_IVA_2010: [3]Patrimonial!$B$114
Name TC_2009: '[3]Estimación Ptto 2011'!$C$85
Name TC_2011: '[3]Estimación Ptto 2011'!$C$84
Name Vida_CH_2011: '[3]Ptto Pòlizas CH y Mandos'!$E$45
Name Vida_Funcionarios_2011: '[3]Ptto Pòlizas CH y Mandos'!$AG$47

Sheet Anteproyecto Ingresos 2027
B2: Dirección de Administración
B3: Unidad de Administración
B4: Coordinación de Conservación y Servicios Generales
B5: Coordinación Técnica de Administración de Activos
B6: División de Arrendamiento y Comercialización
B8: Programa de Arrendaiento IMSS Arrendatario 2027
I13: Escenario 1
B14: Proyección | C14: Costo del Programa al cierre 2026 | E14: Anteproyecto 2027 | G14: Presupuesto Ajustado 2027 | K14: Proyecciones 2027 Excluidas
C15: Figuras alcanzadas al 21/09/2026 | D15: Monto | E15: No. Arrendamientos | F15: Monto | G15: No. Arrendamientos | I15: Monto | K15: No. Arrendamientos | L15: Monto
B16: Renovaciones sin incremento | C16: 233 | D16: 3.7423055e+08 | E16: 50 | F16: 194144539 | G16: 242 | H16: 1_/ | I16: =+I47-'Ren con Incremento'!G14 -> 4.9467707e+08 | J16: 1_/ | K16: 0 | L16: 0
B17: Renovaciones con incremento | C17: 26 | D17: 1.4664332e+08 | E17: 157 | F17: 321299181 | G17: 1 | H17: 2_/ | I17: =+'Ren con Incremento'!I14 -> 20824064 | J17: 2_/ | K17: 157 | L17: =+'Renvcon Increm_No_Consideradas'!I172-'Renvcon Increm_No_Consideradas'!G172 -> 29392756
B18: Sustituciones | C18: 2 | D18: 3062400 | E18: 47 | F18: 45057070 | G18: 13 | H18: 3_/ | I18: =+Sustituciones_Incluidos!J24 -> 15385978 | J18: 3_/ | K18: =+E18-G18 -> 34 | L18: =+Sustituciones_No_Considerados!I47-Sustituciones_No_Considerados!G47 -> 4205302
B19: Nuevos Arrendamientos | E19: 32 | F19: 1.5145704e+08 | G19: 11 | H19: 4_/ | I19: =+Nuevos_Incluidos!K24 -> 54033526 | J19: 4_/ | K19: 21 | L19: =+Nuevos_No_Considerados!I34 -> 95260016
B20: Cancelaciones | C20: 10 | D20: 1675225.2 | E20: 7 | F20: 752193 | G20: 7 | H20: 5_/
B21: Total | C21: =SUM(C16:C19) -> 261 | D21: =SUM(D16:D20) -> 5.256115e+08 | E21: =SUM(E16:E20) -> 293 | F21: =SUM(F16:F20) -> 7.1271003e+08 | G21: =+G16+G17+G18+G19+G20 -> 274 | H21: 6_/ | I21: =SUM(I16:I20) -> 5.8492064e+08 | K21: =SUM(K16:K20) -> 212 | L21: =SUM(L16:L20) -> 1.2885807e+08
I23: Escenario 2
F24: Proyección | G24: Presupuesto Ajustado 2027 | K24: Proyecciones 2027 Excluidas
G25: No. Arrendamientos | I25: Monto | K25: No. Arrendamientos | L25: Monto
F26: Renovaciones sin incremento | G26: 164 | H26: 1_/ | I26: =+'Renvcon Increm_No_Consideradas'!M178+Sustituciones_No_Considerados!G47 -> 1.2226705e+08 | J26: 1_/ | K26: 0 | L26: 0
F27: Renovaciones con incremento | G27: 79 | H27: 2_/ | I27: =+'Ren con Incremento'!G14+'Ren con Incremento'!M14+'Renvcon Increm_No_Consideradas'!M177 -> 2.2784316e+08 | J27: 2_/ | K27: 157 | L27: =+'Renvcon Increm_No_Consideradas'!I182-'Renvcon Increm_No_Consideradas'!G182 -> 0
F28: Sustituciones | G28: 13 | H28: 3_/ | I28: =+Sustituciones_Incluidos!L24 -> 13886874 | J28: 3_/ | K28: =+E28-G28 -> -13 | L28: =+Sustituciones_No_Considerados!I57-Sustituciones_No_Considerados!G57 -> 0
F29: Nuevos Arrendamientos | G29: 11 | H29: 4_/ | I29: =+Nuevos_Incluidos!M24 -> 47207730 | J29: 4_/ | K29: 21 | L29: =+Nuevos_No_Considerados!I44 -> 0
F30: Cancelaciones | G30: 7 | H30: 5_/
F31: Total | G31: =SUM(G26:G30) -> 274 | H31: 6_/ | I31: =SUM(I26:I30) -> 4.1120482e+08 | K31: =SUM(K26:K30) -> 165 | L31: =SUM(L26:L30) -> 0 | M31: =+I21-I31 -> 1.7371583e+08 | N31: Recurso por aplicar
I34: Escenario 3
F35: Proyección | G35: Presupuesto Ajustado 2027 | K35: Proyecciones 2027 Excluidas
G36: No. Arrendamientos | I36: Monto | K36: No. Arrendamientos | L36: Monto
F37: Renovaciones sin incremento | H37: 1_/ | J37: 1_/ | K37: 0 | L37: 0
F38: Renovaciones con incremento | H38: 2_/ | J38: 2_/ | K38: 157 | L38: =+'Renvcon Increm_No_Consideradas'!I193-'Renvcon Increm_No_Consideradas'!G193 -> 0
F39: Sustituciones | H39: 3_/ | J39: 3_/ | K39: =+E39-G39 -> 0 | L39: =+Sustituciones_No_Considerados!I68-Sustituciones_No_Considerados!G68 -> 0
F40: Nuevos Arrendamientos | H40: 4_/ | J40: 4_/ | K40: 21 | L40: =+Nuevos_No_Considerados!I55 -> 0
F41: Cancelaciones | H41: 5_/
F42: Total | G42: =+G37+G40 -> 0 | H42: 6_/ | I42: =SUM(I37:I41) -> 0 | K42: =SUM(K37:K41) -> 178 | L42: =SUM(L37:L41) -> 0 | M42: =+I21-I42 -> 5.8492064e+08 | N42: Recurso por aplicar
G47: 243 | I47: 5.1450952e+08
G48: 0 | I48: 0
G49: 11 | I49: 15928310
G50: 9 | I50: 53391246
G51: 7 | I51: 752193
G52: 270 | I52: 5.8458127e+08
B55: Área | C55: Presupuesto Autorizado 2027 | D55: Reducción
B56: OOAD | C56: 4.2077375e+08 | D56: 77017041
B57: Nivel Central | C57: 164154868 | D57: 30046366
B58: Total | C58: =C56+C57 -> 5.8492862e+08 | D58: =D56+D57 -> 1.0706341e+08
B60: Disponibilidad Escenario 1 | C60: =+C58-I21 -> 7974.0386
B61: Disponibilidad Escenario 2 | C61: =+C58-I31 -> 1.737238e+08
B62: Disponibilidad Escenario 3 | C62: =+C58-I42 -> 5.8492862e+08
B64: Notas:
B65: 1_/ Se refiere al Costo del Programa al Cierre del Programa 2026 e Inicio 2027
B66: 2_/ Arrendamiento de Cozumel 43, diferencial del incremento del 5.0.%
B67: 3_/ Sustituciones incluidas en el Programa 2027 y costo estimado del incremento.
B68: 4_/ Nuevos Arrendamientos y su Costo.
B69: 5_/ Cancelaciones previstas para el 2027, el presupuesto hasta su aplicación está considerado en Costo del Programa 2027.
B70: 6_/ Número de Arrendamiento para 2027 = Número de Arrendamiento al inicio de 2027 + Nuevos Arrendamientos
B71: ** El monto de reducción para Nivel Central de 30.0 mdp, no comunicado formalmente.

Sheet Nuevos_Incluidos
B3: Dirección de Administración
B4: Unidad de Administración
B5: Coordinación de Conservación y Servicios Generales
B6: Coordinación Técnica de Administración de Activos
B7: División de Arrendamiento y Comercialización
B9: Programa de Arrendaiento IMSS Arrendatario 2027
B10: Nuevos Arrendamientos Considerados
J11: Escenario 1 | L11: Escenario 2 | N11: Escenario 3
B12: No. | C12: Organo de Operación Administrativa Desconcentrada | D12: Dirección del inmueble arrendado | E12: Servicio | F12: Monto de renta mensual actual sin IVA | G12: Monto anual con IVA | H12: Figura Anteproyecto 2027 | I12: Importe 2027 | J12: Meses a Pagar | K12: Importe requerido | L12: Meses a pagar | M12: Importe 2027 | N12: Meses a pagar | O12: Importe 2027 | P12: Estatus
B13: 1 | C13: Chiapas | D13: Boulevard Belisario Domínguez No. 2510, C.P. 29030, Tuxtla Gutiérrez, Chiapas | E13: Oficinas Administrativas Auxiliares de la Jefatura de Servicios Administrativos | F13: 120000 | G13: 1670400 | H13: Nuevo | I13: 1670400 | J13: 12 | K13: =+$F13*J13*1.16 -> 1670400 | L13: 9 | M13: =+$F13*L13*1.16 -> 1252800 | N13: 8 | O13: =+$F13*N13*1.16 -> 1113600 | P13: - Se encuentra en integración. - No se ha solicitado el DJR.
B14: 2 | C14: Chiapas | D14: Calle Monte del Apalaches, Manzana 19, Lote 9, Fraccionamiento Rincón del Bosque, Tapachula Chiapas. | E14: Casa Habitación para Titular de OOAD | F14: 17000 | G14: =+F14*12 -> 204000 | H14: Nuevo | I14: =+G14 -> 204000 | J14: 12 | K14: =+$F14*J14 -> 204000 | L14: 9 | M14: =+$F14*L14 -> 153000 | N14: 8 | O14: =+$F14*N14 -> 136000 | P14: -Se cuenta con propuesta.
B15: 3 | C15: Chihuahua | D15: Por definir | E15: Sub-Almacen | F15: 500000 | G15: 6960000 | H15: Nuevo | I15: 6960000 | J15: 9 | K15: =+$F15*J15*1.16 -> 5220000 | L15: 9 | M15: =+$F15*L15*1.16 -> 5220000 | N15: 8 | O15: =+$F15*N15*1.16 -> 4640000 | P15: - Se encuentra en integración. - No se ha solicitado el DJR.
B16: 4 | C16: Guanajuato | D16: Avenida Norte No. 106, Zona Industrial Desarrollo Industrial en Condominio San Ignacio Park, C.P. 36276, Silao, Guanajuato. | E16: Archivo de Concentración | F16: 70000 | G16: 974400 | H16: Nuevo | I16: 974400 | J16: 12 | K16: =+$F16*J16*1.16 -> 974400 | L16: 9 | M16: =+$F16*L16*1.16 -> 730800 | N16: 8 | O16: =+$F16*N16*1.16 -> 649600 | P16: - Se encuentra en integración. - No se ha solicitado el DJR.
B17: 5 | C17: Hidalgo | D17: Carretera a Acayuca No. 287, Colonia Pequeña Propiedad, C.P. 42191, Zapotlán de Juárez, Hidalgo. | E17: Archivo de Concentración y Bodega de Bienes Adjudicados y Embargados | F17: 724240 | G17: 10081421 | H17: Nuevo | I17: 10081421 | J17: 12 | K17: =+$F17*J17*1.16 -> 10081421 | L17: 12 | M17: =+$F17*L17*1.16 -> 10081421 | N17: 12 | O17: =+$F17*N17*1.16 -> 10081421 | P17: - Se encuentra en integración. - Ya se cuenta con DJR y con el DDPP.
B18: 6 | C18: Michoacán | D18: Tres Marías, Morelia Michoacán | E18: Casa-Habitación TOOAD | F18: 25000 | G18: =+F18*12 -> 300000 | H18: Nuevo | I18: =+G18 -> 300000 | J18: 10 | K18: =+$F18*J18 -> 250000 | L18: 9 | M18: =+$F18*L18 -> 225000 | N18: 8 | O18: =+$F18*N18 -> 200000 | P18: -Se cuenta con propuesta.
B19: 7 | C19: Nivel Central | D19: Calle Dante N° 14 Colonia Anzures C.P. 11590 Alcaldía Miguel Hidalgo, Ciudad de México, Nivel Central. | E19: Oficinas Administrativas | F19: 2069315.3 | G19: 28804869 | H19: Nuevo | I19: 28804869 | J19: 12 | K19: =+$F19*J19*1.16 -> 28804869 | L19: 10 | M19: =+$F19*L19*1.16 -> 24004058 | N19: 9 | O19: =+$F19*N19*1.16 -> 21603652 | P19: -Se cuenta con propuesta. - Se solicito DJR.
B20: 8 | C20: Nuevo León | D20: Calle Nardo s/n Colonia Cementos. C.P 64520, Municipio Monterrey, Nuevo Leon. | E20: Bodega de Apoyo al Almacen Delegacional | F20: 305397.7 | G20: 4251136 | H20: Nuevo | I20: 4251136 | J20: 12 | K20: =+$F20*J20*1.16 -> 4251136 | L20: 9 | M20: =+$F20*L20*1.16 -> 3188352 | N20: 8 | O20: =+$F20*N20*1.16 -> 2834090.7 | P20: -Se cuenta con propuesta.
B21: 9 | C21: Veracruz Sur | D21: Por definir | E21: Oficinas Administrativas (Departamento de Construcción y Planeación Inmobiliaria) | F21: 150000 | G21: 2088000 | H21: Nuevo | I21: 2088000 | J21: 10 | K21: =+$F21*J21*1.16 -> 1740000 | L21: 9 | M21: =+$F21*L21*1.16 -> 1566000 | N21: 8 | O21: =+$F21*N21*1.16 -> 1392000 | P21: - Se encuentra en integración.
B22: 10 | C22: Yucatán | D22: Por definir | E22: Casa Habitación para Titular de OOAD | F22: 25500 | G22: 306000 | H22: Nuevo | I22: 306000 | J22: 11 | K22: =+$F22*J22 -> 280500 | L22: 9 | M22: =+$F22*L22 -> 229500 | N22: 8 | O22: =+$F22*N22 -> 204000 | P22: - Se encuentra en integración.
B23: 11 | C23: Zacatecas | D23: Fresnillo, Zacatecas. | E23: Bodega de bienes embargados | F23: 40000 | G23: 556800 | H23: Nuevo | I23: 556800 | J23: 12 | K23: =+$F23*J23*1.16 -> 556800 | L23: 12 | M23: =+$F23*L23*1.16 -> 556800 | N23: 12 | O23: =+$F23*N23*1.16 -> 556800 | P23: -Se cuenta con propuesta. - Se solicito DJR.
E24: Total | F24: =SUM(F13:F23) -> 4046453 | G24: =SUM(G13:G23) -> 56197026 | I24: =SUM(I13:I23) -> 56197026 | K24: =SUM(K13:K23) -> 54033526 | M24: =SUM(M13:M23) -> 47207730 | O24: =SUM(O13:O23) -> 43411163
B26: Todos | K26: Economías | M26: =+K24-M24 -> 6825795.5 | O26: =+K24-O24 -> 10622363

Sheet Sustituciones_Incluidos
B3: Dirección de Administración
B4: Unidad de Administración
B5: Coordinación de Conservación y Servicios Generales
B6: Coordinación Técnica de Administración de Activos
B7: División de Arrendamiento y Comercialización
B9: Programa de Arrendaiento IMSS Arrendatario 2027
B10: Sustituciones Consideradas
I11: Escenario 1 | K11: Escenario 2 | M11: Escenario 3
B12: No. | C12: Organo de Operación Administrativa Desconcentrada | D12: Dirección del inmueble arrendado | E12: Servicio | F12: Monto de renta mensual actual sin IVA | G12: Monto anual con IVA | H12: Figura Anteproyecto 2027 | I12: Meses a pagar | J12: Importe 2027 | K12: Meses a pagar | L12: Importe 2027 | M12: Meses a pagar | N12: Importe 2027 | O12: Estatus
B13: 1 | C13: Aguascalientes | D13: Boulevard a Zacatecas No. 701, Fraccionamiento Las Hadas, C.P. 20140, Aguascalientes | E13: Oficinas Administrativas de la Subdelegación Metropolitana Norte | F13: 149599.14 | G13: 2082420 | H13: Sustitución | I13: 12 | J13: =+$R13*I13 -> 5602800 | K13: 12 | L13: =+$R13*K13 -> 5602800 | M13: 12 | N13: =+$R13*M13 -> 5602800 | O13: -Se cuenta con propuesta. -Se solicitó DJR. | Q13: 5602800 | R13: =+Q13/12 -> 466900 | S13: =+Q13-J13 -> 0 | T13: =+G13*1.15 -> 2394783
B14: =+B13+1 -> 2 | C14: Colima | D14: Calle 5 de Mayo No. 33, Colonia Centro, C.P. 28100, Tecomán, Colima | E14: Oficinas Administrativas Subdelegacionales | F14: 14015.57 | G14: 195096.73 | H14: Sustitución | I14: 12 | J14: =+$R14*I14 -> 800400 | K14: 12 | L14: =+$R14*K14 -> 800400 | M14: 12 | N14: =+$R14*M14 -> 800400 | O14: -Se cuenta con propuesta. -Se solicitó DJR. | Q14: 800400 | R14: =+Q14/12 -> 66700 | S14: =+Q14-J14 -> 0
B15: =+B14+1 -> 3 | C15: Estado de México Poniente | D15: José María Pino Suárez No. 202, Col. Santa Clara, C.P. 50090, Toluca, Estado de México Poniente | E15: Oficinas Administrativas Delegacionales (Jefatura de Servicios Jurídicos) | F15: 60000 | G15: 835200 | H15: Sustitución | I15: 12 | J15: =+$R15*I15 -> 960480 | K15: 12 | L15: =+$R15*K15 -> 960480 | M15: 12 | N15: =+$R15*M15 -> 960480 | O15: -Se cuenta con propuesta. -Se solicitó DJR. | Q15: 960480 | R15: =+Q15/12 -> 80040 | S15: =+Q15-J15 -> 0
B16: =+B15+1 -> 4 | C16: Nayarit | D16: Calle Niño Obrero N°. 319, Colonia Ciudad Industrial, C.P. 63173, Tepic, Nayarit | E16: Bodega de Bienes Embargados y Archivo de Concentración | F16: 55000 | G16: 765600 | H16: Sustitución | I16: 12 | J16: =+$R16*I16 -> 880440 | K16: 12 | L16: =+$R16*K16 -> 880440 | M16: 12 | N16: =+$R16*M16 -> 880440 | O16: -Se cuenta con propuesta. -Se solicitó DJR. | Q16: 880440 | R16: =+Q16/12 -> 73370 | S16: =+Q16-J16 -> 0
B17: =+B16+1 -> 5 | C17: Oaxaca | D17: Calle Murguía Nº. 509 esquina Libres, Colonia Centro, C.P. 68000, Oaxaca, Oaxaca | E17: Tienda No. 33 IMSS-SNTSS | F17: 47308 | G17: 658527.36 | H17: Sustitución | I17: 12 | J17: =+$R17*I17 -> 757307 | K17: 12 | L17: =+$R17*K17 -> 757307 | M17: 12 | N17: =+$R17*M17 -> 757307 | O17: -Se cuenta con propuesta. -Se solicitó DJR. | Q17: 757307 | R17: =+Q17/12 -> 63108.917 | S17: =+Q17-J17 -> 0
B18: =+B17+1 -> 6 | C18: Puebla | D18: Calle Avenida 7 Poniente 114-B, Colonia Centro, C.P. 72760, San Pedro Cholula, Puebla | E18: Centro de Seguridad Social | F18: 20000 | G18: 278400 | H18: Sustitución | I18: 12 | J18: =+$R18*I18 -> 320160 | K18: 12 | L18: =+$R18*K18 -> 320160 | M18: 12 | N18: =+$R18*M18 -> 320160 | O18: -Se cuenta con propuesta. -Se solicitó DJR. | Q18: 320160 | R18: =+Q18/12 -> 26680 | S18: =+Q18-J18 -> 0
B19: =+B18+1 -> 7 | C19: Quintana Roo | D19: Avenida Benito Juárez No. 441, esquina Marciano González, colonia David G. Gutiérrez, C.P. 77013 Municipio de Othón P. Blanco, Chetumal, Quintana Roo | E19: Oficinas Administrativas Subdelegacionales | F19: 190000 | G19: 2644800 | H19: Sustitución | I19: 12 | J19: =+$R19*I19 -> 2644800 | K19: 9 | L19: =+$R19*K19 -> 1983600 | M19: 8 | N19: =+$R19*M19 -> 1763200 | O19: -Se cuenta con propuesta. | Q19: 2644800 | R19: =+Q19/12 -> 220400 | S19: =+Q19-J19 -> 0
B20: =+B19+1 -> 8 | C20: Sinaloa | D20: Calle Escuela Poste Nº. 9, Colonia Luis Donaldo Colosio, C.P. 80700, Cósala, Sinaloa | E20: Unidad de Medicina Familiar No. 50 | F20: 2500 | G20: 34800 | H20: Sustitución | I20: 11 | J20: =+$R20*I20 -> 29241.667 | K20: 9 | L20: =+$R20*K20 -> 23925 | M20: 8 | N20: =+$R20*M20 -> 21266.667 | O20: -Se cuenta con propuesta. | Q20: 31900 | R20: =+Q20/12 -> 2658.3333 | S20: =+Q20-J20 -> 2658.3333
B21: =+B20+1 -> 9 | C21: Sinaloa | D21: Boulevard Francisco I. Madero Oriente No. 526, Colonia Centro, C.P. 80200, Culiacán, Sinaloa | E21: Oficinas Administrativas Subdelegacionales. | F21: 185255 | G21: 2578749.6 | H21: Sustitución | I21: 12 | J21: =+$R21*I21 -> 2578749.6 | K21: 9 | L21: =+$R21*K21 -> 1934062.2 | M21: 8 | N21: =+$R21*M21 -> 1719166.4 | O21: -Se cuenta con propuesta. | Q21: 2578749.6 | R21: =+Q21/12 -> 214895.8 | S21: =+Q21-J21 -> 0
B22: 10 | C22: Tamaulipas | D22: Calle Santiago No. 3310, Manzana 4, Lote 8, Fracionamiento Las Villas, Finca Santo Domingo, C.P. 87029, Ciudad Victoria, Tamaulipas | E22: Casa Delegado | F22: 20000 | G22: 240000 | H22: Sustitución | I22: 11 | J22: =+$R22*I22 -> 220000 | K22: 9 | L22: =+$R22*K22 -> 180000 | M22: 8 | N22: =+$R22*M22 -> 160000 | O22: -Se cuenta con propuesta. | Q22: 240000 | R22: =+Q22/12 -> 20000 | S22: =+Q22-J22 -> 20000
B23: 11 | C23: Tlaxcala | D23: Calle 6 Nº. 1710, Colonia Xicoténcatl, C.P. 90062, Tlaxcala, Tlaxcala | E23: Oficinas Administrativas Delegacionales (Departamento de Construcción y Planeación Inmobiliaria) | F23: 42500 | G23: 591600 | H23: Sustitución | I23: 12 | J23: =+$R23*I23 -> 591600 | K23: 9 | L23: =+$R23*K23 -> 443700 | M23: 8 | N23: =+$R23*M23 -> 394400 | O23: -Se cuenta con propuesta. | Q23: 591600 | R23: =+Q23/12 -> 49300 | S23: =+Q23-J23 -> 0
E24: Total | F24: =SUM(F13:F23) -> 786177.71 | G24: =SUM(G13:G23) -> 10905194 | J24: =SUM(J13:J23) -> 15385978 | L24: =SUM(L13:L23) -> 13886874 | N24: =SUM(N13:N23) -> 13379620 | Q24: 15699368 | R24: =+Q24/12 -> 1308280.6
J25: Economías | L25: =+J24-L24 -> 1499104.1 | N25: =+J24-N24 -> 2006358.2 | Q25: =+Q24-J24 -> 313389.33
J28: =+J24-$G$24 -> 4480784.5 | L28: =+L24-$G$24 -> 2981680.5 | N28: =+N24-$G$24 -> 2474426.3

Sheet Ren con Incremento
B3: Dirección de Administración
B4: Unidad de Administración
B5: Coordinación de Conservación y Servicios Generales
B6: Coordinación Técnica de Administración de Activos
B7: División de Arrendamiento y Comercialización
B9: Programa de Arrendaiento IMSS Arrendatario 2027
B10: Renovación con Incremento
J11: Escenario 1 | L11: Escenario 2 | N11: Escenario 3
B12: No. | C12: Organo de Operación Administrativa Desconcentrada | D12: Dirección del inmueble arrendado | E12: Servicio | F12: Monto de renta mensual actual sin IVA | G12: Monto anual con IVA | H12: Figura Anteproyecto 2027 | I12: Importe 2027 | J12: Meses a Pagar | K12: Importe requerido | L12: Meses a Pagar | M12: Importe requerido | N12: Meses a Pagar | O12: Importe requerido | P12: Estatus
B13: 1 | C13: Nivel Central | D13: Calle Cozumel N° 43, Colonia Roma Norte, C.P. 06700, Alcaldía Cuauhtémoc, Nivel Central. | E13: Oficinas Administrativas Nivel Central | F13: =1295222.2*1.1 -> 1424744.4 | G13: =+F13*1.16*12 -> 19832442 | H13: Renovación con incremento | I13: =+G13*1.05 -> 20824064 | J13: 12 | K13: =+$J13*$S13 -> 991622.12 | L13: 10 | M13: =+$L13*$S13 -> 826351.76 | N13: 9 | O13: =+$N13*$S13 -> 743716.59 | P13: Se ha solicitado el DJR. | R13: 991622.12 | S13: =+R13/12 -> 82635.176
E14: Total | F14: =SUM(F13:F13) -> 1424744.4 | G14: =SUM(G13:G13) -> 19832442 | I14: =SUM(I13:I13) -> 20824064 | K14: =SUM(K13:K13) -> 991622.12 | M14: =SUM(M13:M13) -> 826351.76 | O14: =SUM(O13:O13) -> 743716.59
K16: Economías | M16: =+K14-M14 -> 165270.35 | O16: =+K14-O14 -> 247905.53

Sheet Nuevos_No_Considerados
B3: Dirección de Administración
B4: Unidad de Administración
B5: Coordinación de Conservación y Servicios Generales
B6: Coordinación Técnica de Administración de Activos
B7: División de Arrendamiento y Comercialización
B9: Programa de Arrendaiento IMSS Arrendatario 2027
B10: Nuevos Arrendamientos No Considerados
B12: No. | C12: Organo de Operación Administrativa Desconcentrada | D12: Dirección del inmueble arrendado | E12: Servicio | F12: Monto de renta mensual actual sin IVA | G12: Monto anual con IVA | H12: Figura Anteproyecto 2027 | I12: Importe 2027
B13: 1 | C13: Chiapas | D13: Por definir | E13: Oficinas Administrativas | F13: 600000 | G13: 8352000 | H13: Nuevo | I13: 8352000
B14: 2 | C14: Durango | D14: Por Definir | E14: Oficinas Administrativas | F14: 130000 | G14: 1809600 | H14: Nuevo | I14: 1809600
B15: 3 | C15: Estado de México Poniente | D15: Por definir | E15: Almacén Delegacional | F15: 1500000 | G15: 20880000 | H15: Nuevo | I15: 20880000 | J15: SE INCLUYE 2027
B16: 4 | C16: Estado de México Poniente | D16: Por definir | E16: Oficinas alternas a la Jefatura de Servicios de Desarrollo Personal | F16: 50000 | G16: 696000 | H16: Nuevo | I16: 696000
B17: 5 | C17: Jalisco | D17: Por Definir | E17: Bodega de bienes embargados | F17: 950000 | G17: 13224000 | H17: Nuevo | I17: 13224000
B18: 6 | C18: Michoacán | D18: Calle Martínez de Navarrete Ote, No. 7, Fraccionamiento la Luneta, C.P. 59680, Zamora | E18: Bodega de bienes embargados | F18: 95000 | G18: 1322400 | H18: Nuevo | I18: 1322400
B19: 7 | C19: Michoacán | D19: Av. Francisco I Madero Pte. No. 541, col. Centro C.P. 58000, Morelia, Michoacán | E19: Centro de Seguridad Social Morelia | F19: 156000 | G19: 2171520 | H19: Nuevo | I19: 2171520
B20: 8 | C20: Nivel Central | D20: por definir | E20: Oficinas Administrativas | F20: 1684392 | G20: 23446736 | H20: Nuevo | I20: 23446736
B21: 9 | C21: Oaxaca | D21: Por definir | E21: Bodega de Bienes Embargados | F21: 88000 | G21: 1224960 | H21: Nuevo | I21: 1224960
B22: 10 | C22: Oaxaca | D22: Por definir | E22: UMF 38 | F22: 200000 | G22: 2784000 | H22: Nuevo | I22: 2784000
B23: 11 | C23: Oaxaca | D23: Por definir | E23: UMF 41 | F23: 200000 | G23: 2784000 | H23: Nuevo | I23: 2784000
B24: 12 | C24: Puebla | D24: Por definir | E24: Archivo de Concentración | F24: 50000 | G24: 696000 | H24: Nuevo | I24: 696000
B25: 13 | C25: Puebla | D25: Por definir | E25: Bodega de Resguardo | F25: 50000 | G25: 696000 | H25: Nuevo | I25: 696000
B26: 14 | C26: Puebla | D26: Por definir | E26: CECEM Centro de Extensión de Conocimientos en Esquema Modificado | F26: 35000 | G26: 487200 | H26: Nuevo | I26: 487200
B27: 15 | C27: Puebla | D27: Por definir | E27: Archivo de Pensiones | F27: 50000 | G27: 696000 | H27: Nuevo | I27: 696000
... B33: 21 | C33: Zacatecas | D33: Calle Independencia No. 10 Zona Centro, Concepción del Oro, C.P. 98200 | E33: Tienda IMSS-SNTSS | F33: 12000 | G33: 167040 | H33: Nuevo | I33: 167040
E34: TOTAL | F34: =SUM(F13:F33) -> 6843392 | G34: =SUM(G13:G33) -> 95260016 | I34: =SUM(I13:I33) -> 95260016

Sheet Sustituciones_No_Considerados
B3: Dirección de Administración
B4: Unidad de Administración
B5: Coordinación de Conservación y Servicios Generales
B6: Coordinación Técnica de Administración de Activos
B7: División de Arrendamiento y Comercialización
B9: Programa de Arrendaiento IMSS Arrendatario 2027
B10: Sustituciones No Consideradas
B12: No. | C12: Organo de Operación Administrativa Desconcentrada | D12: Dirección del inmueble arrendado | E12: Servicio | F12: Monto de renta mensual actual sin IVA | G12: Monto anual con IVA | H12: Figura Anteproyecto 2027 | I12: Importe 2027
B13: 1 | C13: Aguascalientes | D13: Calle Ecuador No. 205, Planta Baja, Colonia Las Americas, C.P. 20230, Aguascalientes | E13: Oficinas Administrativas de la Subdelegación Metropolitana Sur | F13: 94630.5 | G13: 1317256.6 | H13: Sustitución | I13: 1514846
B14: 2 | C14: Aguascalientes | D14: Calle Mangana No. 201, Fraccionamiento Vista Alegre, C.P. 20290, Aguascalientes, Aguascalientes. | E14: Bodega de Bienes Embargados | F14: 75000 | G14: 900000 | H14: Sustitución | I14: 1035000
B15: 3 | C15: Chiapas | D15: Segunda Calle Oriente y Séptima Avenida Sur No. 12, Colonia Centro, C.P. 30700, Tapachula, Chiapas | E15: Tienda No. 12 | F15: 32031 | G15: 445871.52 | H15: Sustitución | I15: 512753
B16: 4 | C16: Chihuahua | D16: Boulevard Oscar Flores Sánchez Nº. 2250, Colonia Jardines de San Jose, C.P. 32695, Ciudad Juárez, Chihuahua | E16: Tienda Nº. 97 y Oficinas Administrativas (Coordinación de Prestaciones Económicas y Sociales) | F16: 62534 | G16: 810440.64 | H16: Sustitución | I16: 932007
B17: 5 | C17: Chihuahua | D17: Calle General Rosalio Hernández Nº. 21 y Ferrocarriles Nacionales de México, C.P. 31150, Chihuahua, Chihuahua | E17: Almacén Delegacional (Bienes No Terapéuticos) | F17: 42244 | G17: 588036.48 | H17: Sustitución | I17: 676242
B18: 6 | C18: Chihuahua | D18: Calle Privada Santa Rosa Nºs. 21 y 23, C.P. 31150, Chihuahua, Chihuahua | E18: Almacén Delegacional (Bienes Terapéuticos) y Coordinación de Abastecimiento | F18: 89568.75 | G18: 1246797 | H18: Sustitución | I18: 1433817
B19: 7 | C19: Chihuahua | D19: Calle Sierra Mohinora Nº. 6011, Fraccionamiento La Cuesta, C.P. 32650, Ciudad Juárez, Chihuahua | E19: Bodega de Bienes Embargados | F19: 26686 | G19: 371469.12 | H19: Sustitución | I19: 427190
B20: 8 | C20: Chihuahua | D20: Calle Privada Santa Rosa Nº 19, Colonia Centro, C.P. 31150, Chihuahua, Chihuahua | E20: Almacén Delegacional (Bienes de Laboratorio y Lácteos ) | F20: 26525.27 | G20: 369231.76 | H20: Sustitución | I20: 424617
B21: 9 | C21: Guerrero | D21: Ignacio Allende No. 4 Colonia Centro, C.P. 40930, Atoyac de Álvarez, Guerrero | E21: Unidad de Medicina Familiar Nº. 11 | F21: 5000 | G21: 69600 | H21: Sustitución | I21: 80040
B22: 10 | C22: Hidalgo | D22: Cerrada De Frambuesa N.° 2, Piso 2, Fraccionamiento La Huerta, Colonia Centro, C.P. 42300, Pachuca, Hidalgo | E22: Oficinas Administrativas EMS | F22: 16060 | G22: 223555.2 | H22: Sustitución | I22: 257089
B23: 11 | C23: Jalisco | D23: Calle Hidalgo N°. 45, Colonia Centro, C.P. 45350, Arenal, Jalisco | E23: Unidad de Medicina Familiar N°. 12 | F23: 2500 | G23: 34800 | H23: Sustitución | I23: 40020
B24: 12 | C24: Jalisco | D24: Calle Hidalgo N°. 73, Colonia Centro, C.P. 46560, San Juanito de Escobedo, Jalisco | E24: Unidad de Atención Primaria a la Salud N°. 137 | F24: 960.3 | G24: 13367.376 | H24: Sustitución | I24: 15373
... B27: 15 | C27: Oaxaca | D27: Calle Reforma No. 905, Colonia Centro, C.P. 68000, Oaxaca, Oaxaca | E27: Oficinas Administrativas Delegacionales (Jefatura Prestaciones Médicas y Coordinación Medica Delegacional) | F27: 76000 | G27: 1057920 | H27: Sustitución | I27: 1216608
B28: 16 | C28: Oaxaca | D28: Privada de Araucaria No. 110 B, Fraccionamiento El Chopo, C.P.68040, Oaxaca, Oaxaca | E28: Casa Delegado | F28: 25500 | G28: 306000 | H28: Sustitución | I28: 351900 | J28: SE CONSIDERA PARA 2027
B29: 17 | C29: Oaxaca | D29: Calle Daniel Soto No. 115, Colonia Lázaro Cardenas, C.P. 68320, San Juan Bautista Tuxtepec, Oaxaca | E29: Oficinas Administrativas | F29: 6500 | G29: 78000 | H29: Sustitución | I29: 89700
B30: 18 | C30: Puebla | D30: Avenida Manuel Ávila Camacho Nº. 1102 esquina con Calle 11 Sur, Colonia Centro, C.P. 74200, Atlixco, Puebla | E30: Unidad de Medicina Familiar Nº. 34 | F30: 23266.61 | G30: 323871.21 | H30: Sustitución | I30: 372452
B31: 19 | C31: Puebla | D31: Calle Gran Avenida México 86 No. 2602, Colonia Morelos, C.P. 72080, Puebla, Puebla | E31: Tienda | F31: 62862.42 | G31: 875044.89 | H31: Sustitución | I31: 1006302
B32: 20 | C32: Querétaro | D32: Calle Artículo 27 Constitucional Nº. 9, Colonia Casa Blanca, C.P. 76030, Querétaro, Querétaro | E32: Bodega de Bienes Embargados y Archivo de Concentración | F32: 22435.88 | G32: 312307.45 | H32: Sustitución | I32: 359154
B33: 21 | C33: Sinaloa | D33: Calle Blas Valenzuela Nº.20, esquina Avenida Ignacio Zaragoza, Colonia Centro, C.P. 81000, Guasave, Sinaloa | E33: Oficinas Administrativas Subdelegacionales y Tienda | F33: 125000 | G33: 1740000 | H33: Sustitución | I33: 2001000 | J33: SE CAMBIA A RENOVACIÓN CON INCREMENTO
B34: 22 | C34: Sonora | D34: Calle 14 de Abril y Alberto Gutiérrez Nº. 270, Colonia Balderrama, C.P. 83180, Hermosillo, Sonora | E34: Unidad de Medicina Familiar Nº. 2 | F34: 369400 | G34: 5142048 | H34: Sustitución | I34: 5913356
B35: 23 | C35: Sonora | D35: Calle Zaragoza y Libertas S/N, Colonia Centro, C.P. 83960, Pitiquito, Sonora | E35: Unidad de Medicina Familiar Nº. 22 | F35: 4406 | G35: 61331.52 | H35: Sustitución | I35: 70532
B36: 24 | C36: Sonora | D36: Calle Tabasco 851 y 855 Sur, Colonia Centro, C.P. 85000, Ciudad Obregón, Sonora | E36: Unidad de Medicina Familiar N° 67 | F36: 31329 | G36: 436099.68 | H36: Sustitución | I36: 501515
B37: 25 | C37: Sonora | D37: Carretera Internacional Km. 6.5 Nº. 13, Parque Industrial de Nogales, C.P. 84200, Nogales, Sonora | E37: Centro de Seguridad Social y Bodega de Bienes Embargados | F37: 43890 | G37: 568814.4 | H37: Sustitución | I37: 654137
B38: 26 | C38: Sonora | D38: Carretera Internacional Km. 6.5 Nº. 271 3a, Parque Industrial de Nogales, C.P. 84200, Nogales, Sonora | E38: Oficinas Administrativas Subdelegacionales | F38: 39900 | G38: 517104 | H38: Sustitución | I38: 594670
B39: 27 | C39: Sonora | D39: Calle Talleres, Lote 17, Mz. XI, Nº. 2147, Parque Industrial, C.P. 85000, Cajeme Ciudad Obregón, Sonora | E39: Almacén de Bienes de Grupos Diversos | F39: 44708.09 | G39: 622336.61 | H39: Sustitución | I39: 715688
B40: 28 | C40: Tamaulipas | D40: Calle Pablo A. Gutiérrez S/N, Zona Centro, C.P. 89110, Cuauhtémoc Ver, Tamaulipas | E40: Unidad de Medicina Familiar Nº. 37 | F40: 5076.04 | G40: 70658.477 | H40: Sustitución | I40: 81258
B41: 29 | C41: Tlaxcala | D41: Avenida Juárez No. 75-B San Esteban Tizatlán, Colonia Centro, C.P. 90062, Tlaxcala, Tlaxcala | E41: Oficinas Administrativas Subdelegacionales | F41: 123578 | G41: 1720205.8 | H41: Sustitución | I41: 1978237
B42: 30 | C42: Veracruz Norte | D42: Calle Libertad Nº. 47, Colonia Centro, C.P. 91300, Banderilla, Veracruz Norte | E42: Unidad de Medicina Familiar Nº. 19 (Ampliación) | F42: 20000 | G42: 278400 | H42: Sustitución | I42: 320160
B43: 31 | C43: Veracruz Norte | D43: Avenida Melchor Ocampo esquina Aldama, Zona Centro, C.P. 93600, Martínez de la Torre, Veracruz Norte | E43: Oficinas Administrativas Subdelegacionales | F43: 40318.14 | G43: 561228.51 | H43: Sustitución | I43: 645413
B44: 32 | C44: Veracruz Norte | D44: Boulevard Adolfo Ruíz Cortínez esquina Sinaloa S/N, Colonia México, C.P. 93310, Poza Rica, Veracruz Norte | E44: Oficinas Administrativas Subdelegacionales | F44: 95000 | G44: 1322400 | H44: Sustitución | I44: 1520760
B45: 33 | C45: Veracruz Norte | D45: Avenida José María La Fragua No. 2100 esquina Dr. Alfredo Iglesias y Avenida Delfino Valenzuela, Fraccionamiento Reforma, C.P. 91919, Veracruz Norte | E45: Oficinas Administrativas Subdelegacionales | F45: 389436 | G45: 5420949.1 | H45: Sustitución | I45: 6234092
B46: 34 | C46: Veracruz Norte | D46: Melchor Ocampo N°. 4-302 Colonia Centro, C.P. 92800, Tuxpan, Veracruz Norte | E46: Oficinas Administrativas auxiliares Subdelegacionales | F46: 3545 | G46: 49346.4 | H46: Sustitución | I46: 56749
E47: TOTAL | F47: =SUM(F13:F46) -> 2038877.3 | G47: =SUM(G13:G46) -> 28035261 | I47: =SUM(I13:I46) -> 32240563

Sheet Renvcon Increm_No_Consideradas
B3: Dirección de Administración
B4: Unidad de Administración
B5: Coordinación de Conservación y Servicios Generales
B6: Coordinación Técnica de Administración de Activos
B7: División de Arrendamiento y Comercialización
B9: Programa de Arrendaiento IMSS Arrendatario 2027
B10: Renovaciones con Incrementos No Consideradas
I11: Escenario 1 | J11: Escenario 2
B12: No. | C12: Organo de Operación Administrativa Desconcentrada | D12: Dirección del inmueble arrendado | E12: Servicio | F12: Monto de renta mensual actual sin IVA | G12: Monto anual con IVA | H12: Figura Anteproyecto 2027 | I12: Importe 2027 | J12: Importe 2027 | K12: Importe 2027 | L12: Importe 2027 | M12: Importe 2027 | N12: Considerada
B13: 1 | C13: Aguascalientes | D13: Calle Ecuador No. 205, Planta Alta, Colonia Las Americas, C.P. 20230, Aguascalientes | E13: Centro de Capacitación | F13: 58610 | G13: 815851.2 | H13: Renovación con incremento | I13: =G13*1.1 -> 897436.32 | J13: =G13*1.05 -> 856643.76 | K13: =J13-G13 -> 40792.56 | L13: =K13/12*9 -> 30594.42 | M13: =G13+L13 -> 846445.62 | N13: No
B14: =+B13+1 -> 2 | C14: Aguascalientes | D14: Calle Julio Díaz Torre N° 105, Lote 3, Manzana 28 Interior D y E, Fraccionamiento Ciudad Industrial, C.P. 20290, Aguascalientes, Aguascalientes. | E14: Coordinación de Abastecimiento y Equipamiento, Almacén Delegacional y Archivo de Concentración | F14: 581389.25 | G14: 8092938.4 | H14: Renovación con incremento | I14: =G14*1.1 -> 8902232.2 | J14: =G14*1.05 -> 8497585.3 | L14: =K14/12*9 -> 0 | M14: =G14+L14 -> 8092938.4 | N14: No
B15: =+B14+1 -> 3 | C15: Coahuila | D15: Boulevard Constitución, esquina Calle Jiménez, Zona Centro, C.P. 27080, Torreón, Coahuila | E15: Unidad de Medicina Familiar No. 80 | F15: 183860 | G15: 2559331.2 | H15: Renovación con incremento | I15: =G15*1.1 -> 2815264.3 | J15: =G15*1.05 -> 2687297.8 | K15: =J15-G15 -> 127966.56 | L15: =K15/12*9 -> 95974.92 | M15: =G15+L15 -> 2655306.1 | N15: Si
B16: =+B15+1 -> 4 | C16: Coahuila | D16: Boulevard Isidro López Zertuche No. 2791-B, Colonia Universidad, C.P. 25260, Saltillo, Coahuila | E16: Oficinas Administrativas Subdelegacionales | F16: 163275 | G16: 2272788 | H16: Renovación con incremento | I16: =G16*1.1 -> 2500066.8 | J16: =G16*1.05 -> 2386427.4 | K16: =J16-G16 -> 113639.4 | L16: =K16/12*9 -> 85229.55 | M16: =G16+L16 -> 2358017.5 | N16: Si
B17: =+B16+1 -> 5 | C17: Coahuila | D17: Boulevard Independencia y Calle Leona Vicario S/N, C.P. 27000, Torreón, Coahuila | E17: Oficinas Administrativas Subdelegacionales | F17: 363189.65 | G17: 5055599.9 | H17: Renovación con incremento | I17: =G17*1.1 -> 5561159.9 | J17: =G17*1.05 -> 5308379.9 | K17: =J17-G17 -> 252780 | L17: =K17/12*9 -> 189585 | M17: =G17+L17 -> 5245184.9 | N17: Si
B18: =+B17+1 -> 6 | C18: Coahuila | D18: Boulevard Benito Juárez No. 523, Colonia Roma, C.P. 25000, Monclova, Coahuila | E18: Tienda | F18: 92308 | G18: 1284927.4 | H18: Renovación con incremento | I18: =G18*1.1 -> 1413420.1 | J18: =G18*1.05 -> 1349173.7 | K18: =J18-G18 -> 64246.368 | L18: =K18/12*9 -> 48184.776 | M18: =G18+L18 -> 1333112.1 | N18: Si
B19: =+B18+1 -> 7 | C19: Coahuila | D19: Calle Presidente Cárdenas No. 197 Oriente, Zona Centro, C.P. 25000, Saltillo, Coahuila | E19: Tienda | F19: 89533 | G19: 1246299.4 | H19: Renovación con incremento | I19: =G19*1.1 -> 1370929.3 | J19: =G19*1.05 -> 1308614.3 | K19: =J19-G19 -> 62314.968 | L19: =K19/12*9 -> 46736.226 | M19: =G19+L19 -> 1293035.6 | N19: Si
B20: =+B19+1 -> 8 | C20: Coahuila | D20: Calle Egipto esquina José Sarmiento S/N, Fraccionamiento Virreyes Obrera, C.P. 25220, Saltillo, Coahuila | E20: Archivo de Concentración y Oficina de Servicios Generales | F20: 83000 | G20: 1155360 | H20: Renovación con incremento | I20: =G20*1.1 -> 1270896 | J20: =G20*1.05 -> 1213128 | K20: =J20-G20 -> 57768 | L20: =K20/12*9 -> 43326 | M20: =G20+L20 -> 1198686 | N20: Si
B21: =+B20+1 -> 9 | C21: Coahuila | D21: Carretera Saltillo-Zacatecas Km. 22, Puente La Encantada, C.P. 25950, Saltillo, Coahuila. | E21: Almacen Delegacional | F21: 684000 | G21: 9521280 | H21: Renovación con incremento | I21: =G21*1.1 -> 10473408 | J21: =G21*1.05 -> 9997344 | L21: =K21/12*9 -> 0 | M21: =G21+L21 -> 9521280 | N21: No
B22: =+B21+1 -> 10 | C22: Colima | D22: Avenida de los Maestros No. 324, Colonia Huertas del Sol, C.P. 28050, Colima, Colima | E22: Centro de Capacitación | F22: 19762.3 | G22: 275091.22 | H22: Renovación con incremento | I22: =G22*1.1 -> 302600.34 | J22: =G22*1.05 -> 288845.78 | L22: =K22/12*9 -> 0 | M22: =G22+L22 -> 275091.22 | N22: No
B23: =+B22+1 -> 11 | C23: Colima | D23: Calle Lic. Gustavo Díaz Ordaz No. 120, Colonia El Moralete, C.P. 28060, Colima, Colima | E23: Tienda | F23: 50000 | G23: 696000 | H23: Renovación con incremento | I23: =G23*1.1 -> 765600 | J23: =G23*1.05 -> 730800 | L23: =K23/12*9 -> 0 | M23: =G23+L23 -> 696000 | N23: No
B24: =+B23+1 -> 12 | C24: Colima | D24: Calle León Felipe No. 346, Colonia Real Vista Hermosa II, C.P. 28018, Colima, Colima. | E24: Casa Delegado | F24: 20800 | G24: 249600 | H24: Renovación con incremento | I24: =G24*1.1 -> 274560 | J24: =G24*1.05 -> 262080 | L24: =K24/12*9 -> 0 | M24: =G24+L24 -> 249600 | N24: No
B25: =+B24+1 -> 13 | C25: Colima | D25: Avenida de los Deportistas No. 1144, Colonia El Tecolote, C.P. 28090, Colima, Colima. | E25: Sub-almacén | F25: 85000 | G25: 1183200 | H25: Renovación con incremento | I25: =G25*1.1 -> 1301520 | J25: =G25*1.05 -> 1242360 | K25: =J25-G25 -> 59160 | L25: =K25/12*9 -> 44370 | M25: =G25+L25 -> 1227570 | N25: Si
B26: =+B25+1 -> 14 | C26: Chiapas | D26: 5a. Avenida Oriente S/N Colonia Los Manguitos, antes Calzada a La Ciudad Deportiva S/N, "Panchón Contreras", C.P. 29010, Tuxtla Gutiérrez, Chiapas | E26: Unidad Deportiva | F26: 8118.07 | G26: 113003.53 | H26: Renovación con incremento | I26: =G26*1.1 -> 124303.89 | J26: =G26*1.05 -> 118653.71 | L26: =K26/12*9 -> 0 | M26: =G26+L26 -> 113003.53 | N26: No
B27: =+B26+1 -> 15 | C27: Chiapas | D27: 11a. Calle Poniente No. 8-A, Zona Centro, C.P. 30700, Tapachula, Chiapas | E27: Oficinas Administrativas Delegacionales (Jefatura de Prestaciones Médicas, Coordinación de Atención y Orientación al Derechohabiente, y Coordinación de Calidad y Competitividad) | F27: 52800 | G27: 734976 | H27: Renovación con incremento | I27: =G27*1.1 -> 808473.6 | J27: =G27*1.05 -> 771724.8 | L27: =K27/12*9 -> 0 | M27: =G27+L27 -> 734976 | N27: No
B28: =+B27+1 -> 16 | C28: Chiapas | D28: Calle Central Sur No. 1989, Colonia San Francisco, C.P. 29000, Tuxtla Gutiérrez, Chiapas | E28: Tienda No. 13 | F28: 50000 | G28: 696000 | H28: Renovación con incremento | I28: =G28*1.1 -> 765600 | J28: =G28*1.05 -> 730800 | L28: =K28/12*9 -> 0 | M28: =G28+L28 -> 696000 | N28: No
B29: =+B28+1 -> 17 | C29: Chiapas | D29: Avenida Carlos Maciel No. 119, Fraccionamiento Santos (San Roque), C.P. 29040, Tuxtla Gutiérrez, Chiapas | E29: Archivo de Concentración | F29: 39000 | G29: 542880 | H29: Renovación con incremento | I29: =G29*1.1 -> 597168 | J29: =G29*1.05 -> 570024 | L29: =K29/12*9 -> 0 | M29: =G29+L29 -> 542880 | N29: No
B30: =+B29+1 -> 18 | C30: Chiapas | D30: 2a. Calle Sur Poniente esquina Calle Privada No. 188, Barrio de las Flores, C.P. 30019, Comitán de Domínguez, Chiapas. | E30: Oficinas Administrativas | F30: 9000 | G30: 125280 | H30: Renovación con incremento | I30: =G30*1.1 -> 137808 | J30: =G30*1.05 -> 131544 | L30: =K30/12*9 -> 0 | M30: =G30+L30 -> 125280 | N30: No
B31: =+B30+1 -> 19 | C31: Chiapas | D31: Avenida Central Norte No. 125, Colonia Centro, C.P. 30700, Tapachula, Chiapas. | E31: Oficinas Administrativas | F31: 39700 | G31: 552624 | H31: Renovación con incremento | I31: =G31*1.1 -> 607886.4 | J31: =G31*1.05 -> 580255.2 | L31: =K31/12*9 -> 0 | M31: =G31+L31 -> 552624 | N31: No
B32: =+B31+1 -> 20 | C32: Chiapas | D32: Avenida Central Poniente No. 150, Colonia Juan Sabines Gutíerrez, C.P. 29770, Bochil, Chiapas. | E32: Oficinas Administrativas | F32: 9000 | G32: 125280 | H32: Renovación con incremento | I32: =G32*1.1 -> 137808 | J32: =G32*1.05 -> 131544 | L32: =K32/12*9 -> 0 | M32: =G32+L32 -> 125280 | N32: No
B33: =+B32+1 -> 21 | C33: Chiapas | D33: Calle Vicente Guerrero No. 6, Colonia Centro, C.P. 29520, Pichucalco, Chiapas. | E33: Oficinas Administrativas | F33: 9000 | G33: 125280 | H33: Renovación con incremento | I33: =G33*1.1 -> 137808 | J33: =G33*1.05 -> 131544 | L33: =K33/12*9 -> 0 | M33: =G33+L33 -> 125280 | N33: No
B34: =+B33+1 -> 22 | C34: Chihuahua | D34: Calle Benito Juárez No. 97, Colonia Centro, C.P. 31150, San Francisco del Oro, Chihuahua | E34: Unidad de Medicina Familiar No. 9 | F34: 11157 | G34: 155305.44 | H34: Renovación con incremento | I34: =G34*1.1 -> 170835.98 | J34: =G34*1.05 -> 163070.71 | L34: =K34/12*9 -> 0 | M34: =G34+L34 -> 155305.44 | N34: No
B35: =+B34+1 -> 23 | C35: Chihuahua | D35: Calle Fernando Montes de Oca, Lote 6, Manzana 8, Barrio Profortarah, Localidad de Creel, Municipio Bocoyna, Chihuahua | E35: Unidad de Medicina Familiar No. 32 | F35: 7814 | G35: 108770.88 | H35: Renovación con incremento | I35: =G35*1.1 -> 119647.97 | J35: =G35*1.05 -> 114209.42 | L35: =K35/12*9 -> 0 | M35: =G35+L35 -> 108770.88 | N35: No
B36: =+B35+1 -> 24 | C36: Chihuahua | D36: Avenida Álvaro Obregón S/N Colonia Centro, Municipio de Ascención, C.P. 31820, Rodrigo de Quevedo, Chihuahua | E36: Unidad de Medicina Familiar No. 45 | F36: 3675 | G36: 51156 | H36: Renovación con incremento | I36: =G36*1.1 -> 56271.6 | J36: =G36*1.05 -> 53713.8 | L36: =K36/12*9 -> 0 | M36: =G36+L36 -> 51156 | N36: No
B37: =+B36+1 -> 25 | C37: Chihuahua | D37: Avenida 14 Poniente No. 700, Colonia Sector Poniente, C.P. 33000, Ciudad Delicias, Chihuahua | E37: Unidad de Medicina Familiar No. 57 | F37: 14921 | G37: 207700.32 | H37: Renovación con incremento | I37: =G37*1.1 -> 228470.35 | J37: =G37*1.05 -> 218085.34 | L37: =K37/12*9 -> 0 | M37: =G37+L37 -> 207700.32 | N37: No
B38: =+B37+1 -> 26 | C38: Chihuahua | D38: Av. Henry Dunat No.4508,Zona Pronaf C.P. 32315, Ciudad Juarez, Chihuahua | E38: Oficinas Administrativas Subdelegacionales Juárez II | F38: 94500 | G38: 1224720 | H38: Renovación con incremento | I38: =G38*1.1 -> 1347192 | J38: =G38*1.05 -> 1285956 | K38: =J38-G38 -> 61236 | L38: =K38/12*9 -> 45927 | M38: =G38+L38 -> 1270647 | N38: Si
B39: =+B38+1 -> 27 | C39: Chihuahua | D39: Avenida Tecnológico No. 343, Colonia Barrio Lerdo, C.P. 31520, Ciudad Cuauhtémoc, Chihuahua | E39: Oficinas Administrativas Subdelegacionales | F39: 20326 | G39: 282937.92 | H39: Renovación con incremento | I39: =G39*1.1 -> 311231.71 | J39: =G39*1.05 -> 297084.82 | K39: =J39-G39 -> 14146.896 | L39: =K39/12*9 -> 10610.172 | M39: =G39+L39 -> 293548.09 | N39: Si
B40: =+B39+1 -> 28 | C40: Chihuahua | D40: Calle Pedro de Lille No. 3, Colonia Centro, C.P. 33890, Hidalgo del Parral, Chihuahua | E40: Oficinas Administrativas Subdelegacionales | F40: 33735 | G40: 469591.2 | H40: Renovación con incremento | I40: =G40*1.1 -> 516550.32 | J40: =G40*1.05 -> 493070.76 | K40: =J40-G40 -> 23479.56 | L40: =K40/12*9 -> 17609.67 | M40: =G40+L40 -> 487200.87 | N40: Si
B41: =+B40+1 -> 29 | C41: Chihuahua | D41: Avenida Fernando Baeza No. 206, Sector Oriente, C.P. 33000, Ciudad Delicias, Chihuahua | E41: Oficinas Administrativas Subdelegacionales | F41: 21849 | G41: 304138.08 | H41: Renovación con incremento | I41: =G41*1.1 -> 334551.89 | J41: =G41*1.05 -> 319344.98 | L41: =K41/12*9 -> 0 | M41: =G41+L41 -> 304138.08 | N41: No
B42: =+B41+1 -> 30 | C42: Chihuahua | D42: Calle 21 Nº. 1109, Colonia Santo Niño,, C.P. 31150, Chihuahua, Chihuahua | E42: Tienda Nº.14 | F42: 21042.95 | G42: 292917.86 | H42: Renovación con incremento | I42: =G42*1.1 -> 322209.65 | J42: =G42*1.05 -> 307563.76 | L42: =K42/12*9 -> 0 | M42: =G42+L42 -> 292917.86 | N42: No
B43: =+B42+1 -> 31 | C43: Chihuahua | D43: Calle 53 A N°. 5 Colonia Arquitectos, C.P. 31350, Chihuahua, Chihuahua | E43: Bodega de Bienes Embargados | F43: 24248 | G43: 337532.16 | H43: Renovación con incremento | I43: =G43*1.1 -> 371285.38 | J43: =G43*1.05 -> 354408.77 | L43: =K43/12*9 -> 0 | M43: =G43+L43 -> 337532.16 | N43: No
B44: =+B43+1 -> 32 | C44: Nivel Central | D44: Calle Río Pánuco N° 224, Colonia Cuauhtémoc, C.P. 06500, Alcaldía Cuauhtémoc, Nivel Central. | E44: Oficinas Administrativas Nivel Central | F44: 1102464 | G44: 13229568 | H44: Renovación con incremento | I44: =G44*1.1 -> 14552525 | J44: =G44*1.05 -> 13891046 | K44: =J44-G44 -> 661478.4 | L44: =K44/12*9 -> 496108.8 | M44: =G44+L44 -> 13725677 | N44: Si
B45: =+B44+1 -> 33 | C45: Nivel Central | D45: Calle Hamburgo N° 18, Colonia Juárez, C.P. 06600, Alcaldía Cuauhtémoc, Nivel Central. | E45: Oficinas Administrativas Nivel Central | F45: 617287.55 | G45: 8670758 | H45: Renovación con incremento | I45: =G45*1.1 -> 9537833.8 | J45: =G45*1.05 -> 9104295.9 | K45: =J45-G45 -> 433537.9 | L45: =K45/12*9 -> 325153.43 | M45: =G45+L45 -> 8995911.4 | N45: Si
B46: =+B45+1 -> 34 | C46: Nivel Central | D46: Avenida Revolución No.1586, Colonia San Ángel, C.P. 01000, Alcaldía Álvaro Obregón, Nivel Central. | E46: Oficinas Administrativas Nivel Central | F46: 1551723.6 | G46: 23759992 | H46: Renovación con incremento | I46: =G46*1.1 -> 26135991 | J46: =G46*1.05 -> 24947992 | K46: =J46-G46 -> 1187999.6 | L46: =K46/12*9 -> 890999.7 | M46: =G46+L46 -> 24650992 | N46: Si
B47: =+B46+1 -> 35 | C47: Nivel Central | D47: Calle Hamburgo N° 64, Colonia Juárez, C.P. 06600, Alcaldía Cuauhtémoc, Ciudad de México, Nivel Central. | E47: Oficinas Administrativas | F47: 2839014 | G47: 34068168 | H47: Renovación con incremento | I47: =G47*1.1 -> 37474985 | J47: =G47*1.05 -> 35771576 | K47: =J47-G47 -> 1703408.4 | L47: =K47/12*9 -> 1277556.3 | M47: =G47+L47 -> 35345724 | N47: Si
B48: =+B47+1 -> 36 | C48: Nivel Central | D48: Havre No. 7 Colonia Juárez, C.P. 06600, Alcaldía Cuauhtémoc, Ciudad de México, Nivel Central. | E48: Unidad del Programa IMSS- Bienestar | F48: 1075165.8 | G48: 14966309 | H48: Renovación con incremento | I48: =G48*1.1 -> 16462940 | J48: =G48*1.05 -> 15714624 | K48: =J48-G48 -> 748315.45 | L48: =K48/12*9 -> 561236.59 | M48: =G48+L48 -> 15527546 | N48: Si
B49: =+B48+1 -> 37 | C49: Durango | D49: Calle Morelos N°. 106, Colonia Refugio, C.P. 34800, Villa Unión, Durango | E49: Unidad de Medicina Familiar N°. 4 | F49: 7000 | G49: 97440 | H49: Renovación con incremento | I49: =G49*1.1 -> 107184 | J49: =G49*1.05 -> 102312 | L49: =K49/12*9 -> 0 | M49: =G49+L49 -> 97440 | N49: No
B50: =+B49+1 -> 38 | C50: Durango | D50: Calle Morelos N°. 416 Oriente, Colonia Centro, C.P. 35800, Cuencame, Durango | E50: Unidad de Medicina Familiar N°. 14 | F50: 6000 | G50: 83520 | H50: Renovación con incremento | I50: =G50*1.1 -> 91872 | J50: =G50*1.05 -> 87696 | K50: =J50-G50 -> 4176 | L50: =K50/12*9 -> 3132 | M50: =G50+L50 -> 86652 | N50: Si
B51: =+B50+1 -> 39 | C51: Durango | D51: Avenida Allende No. 31, Colonia Centro, C.P. 35700, Nazas, Durango | E51: Unidad de Medicina Familiar No. 48 | F51: 7000 | G51: 97440 | H51: Renovación con incremento | I51: =G51*1.1 -> 107184 | J51: =G51*1.05 -> 102312 | K51: =J51-G51 -> 4872 | L51: =K51/12*9 -> 3654 | M51: =G51+L51 -> 101094 | N51: Si
B52: =+B51+1 -> 40 | C52: Durango | D52: Carretera al Mezquital, No. 219, Fraccionamiento Real del Mezquital, C.P. 34199, Durango,Durango | E52: Unidad de Medicina Familiar N°. 49 | F52: 179772.42 | G52: 2502432.1 | H52: Renovación con incremento | I52: =G52*1.1 -> 2752675.3 | J52: =G52*1.05 -> 2627553.7 | L52: =K52/12*9 -> 0 | M52: =G52+L52 -> 2502432.1 | N52: No
B53: =+B52+1 -> 41 | C53: Durango | D53: Calle Leandro Fernandez S/N. Colonia en Nombre de Dios, Nombre de Dios, C.P. 34840, Durango, Durango | E53: Unidad de Medicina Familiar N°. 52 | F53: 5500 | G53: 76560 | H53: Renovación con incremento | I53: =G53*1.1 -> 84216 | J53: =G53*1.05 -> 80388 | L53: =K53/12*9 -> 0 | M53: =G53+L53 -> 76560 | N53: No
B54: =+B53+1 -> 42 | C54: Durango | D54: Avenida Miguel Hidalgo No. 110 Sur, Colonia Centro, C.P. 35000, Gómez Palacio, Durango | E54: Tienda N°. 115 | F54: 35000 | G54: 487200 | H54: Renovación con incremento | I54: =G54*1.1 -> 535920 | J54: =G54*1.05 -> 511560 | L54: =K54/12*9 -> 0 | M54: =G54+L54 -> 487200 | N54: No
B55: =+B54+1 -> 43 | C55: Durango | D55: Calle Juárez N° 104 Sur, Planta Baja, Mezzanine y Pisos 1°, 2° y 3º, Colonia Centro, C.P. 34000, Durango, Durango | E55: Oficinas Administrativas Delegacionales (Sede) | F55: 270000 | G55: 3758400 | H55: Renovación con incremento | I55: =G55*1.1 -> 4134240 | J55: =G55*1.05 -> 3946320 | L55: =K55/12*9 -> 0 | M55: =G55+L55 -> 3758400 | N55: No
B56: =+B55+1 -> 44 | C56: Durango | D56: Calle Juárez No. 77, Zona Centro, C.P. 35590, Santa María del Oro, Durango | E56: Unidad de Medicina Familiar N°. 47 | F56: 15000 | G56: 208800 | H56: Renovación con incremento | I56: =G56*1.1 -> 229680 | J56: =G56*1.05 -> 219240 | L56: =K56/12*9 -> 0 | M56: =G56+L56 -> 208800 | N56: No
B57: =+B56+1 -> 45 | C57: Durango | D57: Calle Bruno Martínez No. 379 Norte, Colonia Victoria de Durango, C.P. 34000, Durango, Durango. | E57: Oficinas Administrativas Subdelegacionales y Centro de Capacitación y Calidad | F57: 250610 | G57: 3488491.2 | H57: Renovación con incremento | I57: =G57*1.1 -> 3837340.3 | J57: =G57*1.05 -> 3662915.8 | K57: =J57-G57 -> 174424.56 | L57: =K57/12*9 -> 130818.42 | M57: =G57+L57 -> 3619309.6 | N57: Si
B58: =+B57+1 -> 46 | C58: Durango | D58: Libramiento Períferico No. 1675 Norte, Colonia Plácido Domingo, C.P. 35159, Ciudad Lerdo, Durango | E58: Bodega de Archivo de Concentración, Bienes Adjudicados y Bienes de Baja | F58: 105007.54 | G58: 1461705 | H58: Renovación con incremento | I58: =G58*1.1 -> 1607875.5 | J58: =G58*1.05 -> 1534790.2 | L58: =K58/12*9 -> 0 | M58: =G58+L58 -> 1461705 | N58: No
B59: =+B58+1 -> 47 | C59: Durango | D59: Calle Níspero No. 214, Fraccionamiento Campestre Jacarandas, C.P. 34106, Durango, Durango | E59: Bodega de Bienes Embargados, Bienes Adjudicados, Bienes de Baja y Archivo de Concentración de la Subdelegación | F59: 97000 | G59: 1350240 | H59: Renovación con incremento | I59: =G59*1.1 -> 1485264 | J59: =G59*1.05 -> 1417752 | L59: =K59/12*9 -> 0 | M59: =G59+L59 -> 1350240 | N59: No
B60: =+B59+1 -> 48 | C60: Guanajuato | D60: Boulevard Venustiano Carranza No. 205, Colonia San Miguel, C.P. 37235, León, Guanajuato | E60: Tienda No. 19 | F60: 46171.84 | G60: 642712.01 | H60: Renovación con incremento | I60: =G60*1.1 -> 706983.21 | J60: =G60*1.05 -> 674847.61 | L60: =K60/12*9 -> 0 | M60: =G60+L60 -> 642712.01 | N60: No
B61: =+B60+1 -> 49 | C61: Guanajuato | D61: Calle Lázaro Cárdenas del Río No. 100, Colonia Tres Guerras, C.P. 38080, Celaya, Guanajuato | E61: Bodega de Bienes Embargados | F61: 42000 | G61: 584640 | H61: Renovación con incremento | I61: =G61*1.1 -> 643104 | J61: =G61*1.05 -> 613872 | L61: =K61/12*9 -> 0 | M61: =G61+L61 -> 584640 | N61: No
B62: =+B61+1 -> 50 | C62: Guanajuato | D62: Calle Guanajuato No. 43, Colonia Santa Teresa, C.P. 36260,Guanajuato, Guanajuato | E62: Bodega de Bienes Embargados | F62: 55000 | G62: 765600 | H62: Renovación con incremento | I62: =G62*1.1 -> 842160 | J62: =G62*1.05 -> 803880 | L62: =K62/12*9 -> 0 | M62: =G62+L62 -> 765600 | N62: No
B63: =+B62+1 -> 51 | C63: Guanajuato | D63: Boulevard Adolfo López Mateos Poniente, No. 406, Zona Centro, C.P. 38000, Celaya, Guanajuato | E63: Consultorios Médicos. Extensión Unidad de la Medicina Familiar Nº. 49 | F63: 78500 | G63: 1092720 | H63: Renovación con incremento | I63: =G63*1.1 -> 1201992 | J63: =G63*1.05 -> 1147356 | L63: =K63/12*9 -> 0 | M63: =G63+L63 -> 1092720 | N63: No
B64: =+B63+1 -> 52 | C64: Guanajuato | D64: Calle Paseo de Guanajuato N° 110, Colonia Jardines de Celaya, Primera Sección, C.P. 38080, Celaya, Guanajuato | E64: Oficinas Administrativas Subdelegacionales | F64: 43760.75 | G64: 609149.64 | H64: Renovación con incremento | I64: =G64*1.1 -> 670064.6 | J64: =G64*1.05 -> 639607.12 | L64: =K64/12*9 -> 0 | M64: =G64+L64 -> 609149.64 | N64: No
B65: =+B64+1 -> 53 | C65: Guanajuato | D65: Calle Aldama Nº. 321-B, Zona Centro, C.P. 36700, Salamanca, Guanajuato | E65: Oficinas Administrativas Subdelegacionales | F65: 60800 | G65: 846336 | H65: Renovación con incremento | I65: =G65*1.1 -> 930969.6 | J65: =G65*1.05 -> 888652.8 | L65: =K65/12*9 -> 0 | M65: =G65+L65 -> 846336 | N65: No
B66: =+B65+1 -> 54 | C66: Guanajuato | D66: Calle Aztecas N°. 107, Colonia Parque Central, Zona Centro, C.P. 38000, Celaya, Guanajuato | E66: Tienda No. 21 | F66: 58577.88 | G66: 815404.09 | H66: Renovación con incremento | I66: =G66*1.1 -> 896944.5 | J66: =G66*1.05 -> 856174.29 | L66: =K66/12*9 -> 0 | M66: =G66+L66 -> 815404.09 | N66: No
B67: =+B66+1 -> 55 | C67: Guanajuato | D67: Calle Francisco Eduardo Tres Guerra N°. 735 (171), Zona Centro, C.P. 36500, Irapuato, Guanajuato | E67: Tienda No. 20 y Bodega de Bienes Embargados | F67: 51394.79 | G67: 715415.48 | H67: Renovación con incremento | I67: =G67*1.1 -> 786957.02 | J67: =G67*1.05 -> 751186.25 | L67: =K67/12*9 -> 0 | M67: =G67+L67 -> 715415.48 | N67: No
B68: =+B67+1 -> 56 | C68: Guanajuato | D68: Calle Isaac Newton Nº. 112, Colonia El Peluchan, C.P. 37119, León, Guanajuato | E68: Sub Álmacen Delegacional | F68: 90000 | G68: 1252800 | H68: Renovación con incremento | I68: =G68*1.1 -> 1378080 | J68: =G68*1.05 -> 1315440 | L68: =K68/12*9 -> 0 | M68: =G68+L68 -> 1252800 | N68: No
B69: =+B68+1 -> 57 | C69: Guanajuato | D69: Calle Río Conchos Nº. 434, Colonia San Miguel, C.P. 37390, León, Guanajuato | E69: Bodega de Bienes Embargados | F69: 60000 | G69: 835200 | H69: Renovación con incremento | I69: =G69*1.1 -> 918720 | J69: =G69*1.05 -> 876960 | L69: =K69/12*9 -> 0 | M69: =G69+L69 -> 835200 | N69: No
B70: =+B69+1 -> 58 | C70: Guerrero | D70: Calle Vicente Suárez S/N, Colonia Petacalco, Municipio La Unión de Isidoro, Montes de Oca Suárez, C.P. 40811, Petacalco, Guerrero | E70: Unidad de Medicina Familiar Nº. 27 | F70: 4241 | G70: 59034.72 | H70: Renovación con incremento | I70: =G70*1.1 -> 64938.192 | J70: =G70*1.05 -> 61986.456 | K70: =J70-G70 -> 2951.736 | L70: =K70/12*9 -> 2213.802 | M70: =G70+L70 -> 61248.522 | N70: Si
B71: =+B70+1 -> 59 | C71: Guerrero | D71: Costado de Carretera a Ayutla Municipio Juan R. Escudero, C.P. 39840, Tierra Colorada, Guerrero | E71: Unidad de Medicina Familiar Nº. 7 | F71: 6061 | G71: 84369.12 | H71: Renovación con incremento | I71: =G71*1.1 -> 92806.032 | J71: =G71*1.05 -> 88587.576 | K71: =J71-G71 -> 4218.456 | L71: =K71/12*9 -> 3163.842 | M71: =G71+L71 -> 87532.962 | N71: Si
B72: =+B71+1 -> 60 | C72: Guerrero | D72: Calle Cuauhtémoc Nº. 11, Colonia Centro, C.P. 40400, Teloloapan, Guerrero | E72: Unidad de Medicina Familiar Nº. 22 | F72: 5500 | G72: 76560 | H72: Renovación con incremento | I72: =G72*1.1 -> 84216 | J72: =G72*1.05 -> 80388 | K72: =J72-G72 -> 3828 | L72: =K72/12*9 -> 2871 | M72: =G72+L72 -> 79431 | N72: Si
B73: =+B72+1 -> 61 | C73: Guerrero | D73: Lote 11 Manzana 1, Súper Manzana XXVI, Colonia Centro, C.P. 40880, Zihuatanejo, Guerrero | E73: Guardería | F73: 23100 | G73: 321552 | H73: Renovación con incremento | I73: =G73*1.1 -> 353707.2 | J73: =G73*1.05 -> 337629.6 | K73: =J73-G73 -> 16077.6 | L73: =K73/12*9 -> 12058.2 | M73: =G73+L73 -> 333610.2 | N73: Si
B74: =+B73+1 -> 62 | C74: Jalisco | D74: Calle Nebulosa No. 10, Colonia Puerta del Sol, C.P. 45380, Amatitan, Jalisco | E74: Unidad de Medicina Familiar N°. 11 | F74: 7114.5 | G74: 99033.84 | H74: Renovación con incremento | I74: =G74*1.1 -> 108937.22 | J74: =G74*1.05 -> 103985.53 | L74: =K74/12*9 -> 0 | M74: =G74+L74 -> 99033.84 | N74: No
B75: =+B74+1 -> 63 | C75: Jalisco | D75: Calle Hidalgo No. 10, Colonia Centro, C.P. 49820, Atenquique, Jalisco | E75: Unidad de Medicina Familiar N°. 17 | F75: 5528 | G75: 76949.76 | H75: Renovación con incremento | I75: =G75*1.1 -> 84644.736 | J75: =G75*1.05 -> 80797.248 | L75: =K75/12*9 -> 0 | M75: =G75+L75 -> 76949.76 | N75: No
B76: =+B75+1 -> 64 | C76: Jalisco | D76: Avenida González Gallo S/N 9, Colonia Chapala Centro, C.P. 45900, Chapala, Jalisco | E76: Unidad de Medicina Familiar N°. 40 | F76: 13000 | G76: 180960 | H76: Renovación con incremento | I76: =G76*1.1 -> 199056 | J76: =G76*1.05 -> 190008 | L76: =K76/12*9 -> 0 | M76: =G76+L76 -> 180960 | N76: No
B77: =+B76+1 -> 65 | C77: Jalisco | D77: Calle Ramón Corona N°. 55, Colonia Centro, C.P. 45700, Acatlán de Juárez | E77: Unidad de Medicina Familiar N°. 56 | F77: 5315.1 | G77: 73986.192 | H77: Renovación con incremento | I77: =G77*1.1 -> 81384.811 | J77: =G77*1.05 -> 77685.502 | L77: =K77/12*9 -> 0 | M77: =G77+L77 -> 73986.192 | N77: No
B78: =+B77+1 -> 66 | C78: Jalisco | D78: Calle Mariano Bárcenas y Privada Veracruz, Sector Hidalgo, C.P. 44280, Guadalajara, Jalisco | E78: Unidad de Medicina Familiar N°. 79 | F78: 19500 | G78: 271440 | H78: Renovación con incremento | I78: =G78*1.1 -> 298584 | J78: =G78*1.05 -> 285012 | L78: =K78/12*9 -> 0 | M78: =G78+L78 -> 271440 | N78: No
B79: =+B78+1 -> 67 | C79: Jalisco | D79: Calle Allende N°. 97, Colonia Centro, C.P. 47300, Yahualica de González, Jalisco | E79: Unidad de Medicina Familiar N°. 94 | F79: 5000 | G79: 69600 | H79: Renovación con incremento | I79: =G79*1.1 -> 76560 | J79: =G79*1.05 -> 73080 | L79: =K79/12*9 -> 0 | M79: =G79+L79 -> 69600 | N79: No
B80: =+B79+1 -> 68 | C80: Jalisco | D80: Calle Francisco I. Madero No. 295, Colonia Centro, C.P. 46900, Mascota, Jalisco | E80: Unidad de Medicina Familiar N°. 96 | F80: 5999.65 | G80: 83515.128 | H80: Renovación con incremento | I80: =G80*1.1 -> 91866.641 | J80: =G80*1.05 -> 87690.884 | L80: =K80/12*9 -> 0 | M80: =G80+L80 -> 83515.128 | N80: No
B81: =+B80+1 -> 69 | C81: Jalisco | D81: Calle Negrete N°. 129, Colonia Centro, C.P. 47900, Jamay, Jalisco | E81: Unidad de Medicina Familia N°. 100 | F81: 7500 | G81: 104400 | H81: Renovación con incremento | I81: =G81*1.1 -> 114840 | J81: =G81*1.05 -> 109620 | K81: =J81-G81 -> 5220 | L81: =K81/12*9 -> 3915 | M81: =G81+L81 -> 108315 | N81: Si
B82: =+B81+1 -> 70 | C82: Jalisco | D82: Avenida Jesús María No. 80, Colonia Centro, C.P. 47950, Jesús María, Jalisco | E82: Unidad de Atención Primaria a La Salud N°. 159 | F82: 15000 | G82: 208800 | H82: Renovación con incremento | I82: =G82*1.1 -> 229680 | J82: =G82*1.05 -> 219240 | L82: =K82/12*9 -> 0 | M82: =G82+L82 -> 208800 | N82: No
B83: =+B82+1 -> 71 | C83: Jalisco | D83: Calle Emeterio Jiménez N°. 9, Colonia Centro, C.P. 46350, San Martín Bolaños, Jalisco | E83: Unidad de Atención Primaria a La Salud N°. 106 | F83: 4200 | G83: 58464 | H83: Renovación con incremento | I83: =G83*1.1 -> 64310.4 | J83: =G83*1.05 -> 61387.2 | L83: =K83/12*9 -> 0 | M83: =G83+L83 -> 58464 | N83: No
B84: =+B83+1 -> 72 | C84: Jalisco | D84: Calle Guadalupe Victoria S/N, Colonia Centro, C.P. 47540, Ojuelos, Jalisco | E84: Unidad de Atención Primaria a La Salud N°. 130 | F84: 1212.35 | G84: 16875.912 | H84: Renovación con incremento | I84: =G84*1.1 -> 18563.503 | J84: =G84*1.05 -> 17719.708 | K84: =J84-G84 -> 843.7956 | L84: =K84/12*9 -> 632.8467 | M84: =G84+L84 -> 17508.759 | N84: Si
B85: =+B84+1 -> 73 | C85: Jalisco | D85: Calle Prolongación 5 de Mayo No. 9, Colonia El Tepeyac, C.P. 47574, Unión de San Antonio, Jalisco | E85: Unidad de Atención Primaria a la Salud N°. 133 | F85: 5100 | G85: 70992 | H85: Renovación con incremento | I85: =G85*1.1 -> 78091.2 | J85: =G85*1.05 -> 74541.6 | L85: =K85/12*9 -> 0 | M85: =G85+L85 -> 70992 | N85: No
B86: =+B85+1 -> 74 | C86: Jalisco | D86: Calle Reforma No. 160, Colonia Centro, C.P. 47930, Degollado, Jalisco | E86: Unidad de Atención Primaria a la Salud N°. 165 | F86: 8400 | G86: 116928 | H86: Renovación con incremento | I86: =G86*1.1 -> 128620.8 | J86: =G86*1.05 -> 122774.4 | L86: =K86/12*9 -> 0 | M86: =G86+L86 -> 116928 | N86: No
B87: =+B86+1 -> 75 | C87: Jalisco | D87: Calle San Felipe N°. 1066, Sector Hidalgo, C.P. 44200, Guadalajara, Jalisco | E87: Consultorios del Hospital General Regional N°. 45 | F87: 9061.5 | G87: 126136.08 | H87: Renovación con incremento | I87: =G87*1.1 -> 138749.69 | J87: =G87*1.05 -> 132442.88 | L87: =K87/12*9 -> 0 | M87: =G87+L87 -> 126136.08 | N87: No
B88: =+B87+1 -> 76 | C88: Jalisco | D88: Avenida Juan Pablo II No. 55, Colonia El Capullo, C.P. 45150, Zapopan, Jalisco | E88: Centro Comunitario de Salud Mental | F88: 20000 | G88: 278400 | H88: Renovación con incremento | I88: =G88*1.1 -> 306240 | J88: =G88*1.05 -> 292320 | L88: =K88/12*9 -> 0 | M88: =G88+L88 -> 278400 | N88: No
B89: =+B88+1 -> 77 | C89: Jalisco | D89: Calzada Independencia N°. 580, Sector Libertad, Colonia La Perla, C.P. 44360, Guadalajara, Jalisco | E89: Oficinas Administrativas Subdelegacionales | F89: 190350 | G89: 2649672 | H89: Renovación con incremento | I89: =G89*1.1 -> 2914639.2 | J89: =G89*1.05 -> 2782155.6 | L89: =K89/12*9 -> 0 | M89: =G89+L89 -> 2649672 | N89: No
B90: =+B89+1 -> 78 | C90: Jalisco | D90: Calle Cristóbal Colon N°. 750, Colonia Centro, C.P. 49000, Ciudad Guzmán, Jalisco | E90: Oficinas Administrativas Subdelegacionales y Tienda | F90: 110000 | G90: 1531200 | H90: Renovación con incremento | I90: =G90*1.1 -> 1684320 | J90: =G90*1.05 -> 1607760 | K90: =J90-G90 -> 76560 | L90: =K90/12*9 -> 57420 | M90: =G90+L90 -> 1588620 | N90: Si
B91: =+B90+1 -> 79 | C91: Jalisco | D91: Avenida 20 de Noviembre Nº 330, Colonia Centro El Pitillal, C.P. 48290, Puerto Vallarta, Jalisco | E91: Bodega de Bienes Embargados | F91: 20000 | G91: 278400 | H91: Renovación con incremento | I91: =G91*1.1 -> 306240 | J91: =G91*1.05 -> 292320 | L91: =K91/12*9 -> 0 | M91: =G91+L91 -> 278400 | N91: No
B92: =+B91+1 -> 80 | C92: Jalisco | D92: Calle Periférico Sur N°. 8000, Colonia Santa María Tequepexpan, C.P. 45601, Tlaquepaque, Guadalajara, Jalisco | E92: Almacén Delegacional | F92: 1817000 | G92: 25292640 | H92: Renovación con incremento | I92: =G92*1.1 -> 27821904 | J92: =G92*1.05 -> 26557272 | L92: =K92/12*9 -> 0 | M92: =G92+L92 -> 25292640 | N92: No
B93: =+B92+1 -> 81 | C93: Estado de México Oriente | D93: Calle Recursos Hidráulicos No. 2, Colonia La Loma, Municipio de Tlalnepantla de Baz, C.P. 54060, Estado de México Oriente. | E93: Oficinas Administrativas Delegacionales (Sede) | F93: 1656360.8 | G93: 23056542 | H93: Renovación con incremento | I93: =G93*1.1 -> 25362196 | J93: =G93*1.05 -> 24209369 | K93: =J93-G93 -> 1152827.1 | L93: =K93/12*9 -> 864620.31 | M93: =G93+L93 -> 23921162 | N93: Si
B94: =+B93+1 -> 82 | C94: Estado de México Poniente | D94: Calle Rayón S/N. Colonia Centro, Villa Guerrero, C.P. 51760, Estado de México Poniente | E94: Unidad de Medicina Familiar Nº. 232 | F94: 13330.2 | G94: 185556.38 | H94: Renovación con incremento | I94: =G94*1.1 -> 204112.02 | J94: =G94*1.05 -> 194834.2 | K94: =J94-G94 -> 9277.8192 | L94: =K94/12*9 -> 6958.3644 | M94: =G94+L94 -> 192514.75 | N94: Si
B95: =+B94+1 -> 83 | C95: Estado de México Poniente | D95: Calle San Pablo No. 117, Colonia San Antonio, Valle de Bravo, C.P. 51200, Estado de México Poniente | E95: Unidad de Medicina Familiar Nº. 233 | F95: 57000 | G95: 793440 | H95: Renovación con incremento | I95: =G95*1.1 -> 872784 | J95: =G95*1.05 -> 833112 | K95: =J95-G95 -> 39672 | L95: =K95/12*9 -> 29754 | M95: =G95+L95 -> 823194 | N95: Si
B96: =+B95+1 -> 84 | C96: Estado de México Poniente | D96: Calle Josefa Ortiz de Domínguez Nº. 210 Sur, Barrio San Sebastián, C.P. 50090, Toluca, Estado de México Poniente | E96: Oficinas Administrativas Delegacionales (Departamento de Construcción y Planeación Inmobiliaria, Órgano Interno de Control, Auditoría, Queja y Responsabilidades, Oficina de Seguridad y Resguardo, Coordinación de Competitividad, Departamento de relaciones laborales y Departamento de Capacitación y Transparencia) | F96: 125000 | G96: 1740000 | H96: Renovación con incremento | I96: =G96*1.1 -> 1914000 | J96: =G96*1.05 -> 1827000 | K96: =J96-G96 -> 87000 | L96: =K96/12*9 -> 65250 | M96: =G96+L96 -> 1805250 | N96: Si
B97: =+B96+1 -> 85 | C97: Estado de México Poniente | D97: Avenida Miguel Hidalgo y Costilla Nº. 400 esquina José María Pino Suárez, Colonia 5 de Mayo, C.P. 50090, Toluca, Estado de México Poniente | E97: Tienda | F97: 95000 | G97: 1322400 | H97: Renovación con incremento | I97: =G97*1.1 -> 1454640 | J97: =G97*1.05 -> 1388520 | K97: =J97-G97 -> 66120 | L97: =K97/12*9 -> 49590 | M97: =G97+L97 -> 1371990 | N97: Si
B98: =+B97+1 -> 86 | C98: Estado de México Poniente | D98: Calle Francisco I. Madero Nº. 40, El Carmen Totoltepec, C.P. 50245, Metepec, Estado de México Poniente | E98: Bodega de Bienes Embargados | F98: 26250 | G98: 365400 | H98: Renovación con incremento | I98: =G98*1.1 -> 401940 | J98: =G98*1.05 -> 383670 | K98: =J98-G98 -> 18270 | L98: =K98/12*9 -> 13702.5 | M98: =G98+L98 -> 379102.5 | N98: Si
B99: =+B98+1 -> 87 | C99: Estado de México Poniente | D99: Avenida Lomas Verdes No. 414, Colonia Santiago Occipaco, C.P. 53230, Naucalpan de Juárez, Estado de México Poniente. | E99: Oficinas Administrativas Subdelegacionales | F99: 920000 | G99: 12806400 | H99: Renovación con incremento | I99: =G99*1.1 -> 14087040 | J99: =G99*1.05 -> 13446720 | K99: =J99-G99 -> 640320 | L99: =K99/12*9 -> 480240 | M99: =G99+L99 -> 13286640 | N99: Si
B100: =+B99+1 -> 88 | C100: Estado de México Poniente | D100: Calle Hidalgo No. 800, Colonia La Providencia, C.P. 52177, Metepec, Estado de México Poniente | E100: Casa Delegado | F100: 22500 | G100: 270000 | H100: Renovación con incremento | I100: =G100*1.1 -> 297000 | J100: =G100*1.05 -> 283500 | K100: =J100-G100 -> 13500 | L100: =K100/12*9 -> 10125 | M100: =G100+L100 -> 280125 | N100: Si
B101: =+B100+1 -> 89 | C101: Estado de México Poniente | D101: Avenida Hidalgo No. 608, Colonia San Sebastian, C.P. , Toluca, Estado de México Poniente | E101: Oficinas Administrativas EMS | F101: 33000 | G101: 396000 | H101: Renovación con incremento | I101: =G101*1.1 -> 435600 | J101: =G101*1.05 -> 415800 | K101: =J101-G101 -> 19800 | L101: =K101/12*9 -> 14850 | M101: =G101+L101 -> 410850 | N101: Si
B102: =+B101+1 -> 90 | C102: Michoacán | D102: Calle Dr. Ramón Macias esquina con Calle Profesor Santos Campos Nº. 34, Colonia Santa Rosa, C.P. 60360, Los Reyes de Salgado, Michoacán | E102: Centro de Seguridad Social | F102: 30000 | G102: 417600 | H102: Renovación con incremento | I102: =G102*1.1 -> 459360 | J102: =G102*1.05 -> 438480 | L102: =K102/12*9 -> 0 | M102: =G102+L102 -> 417600 | N102: No
B103: =+B102+1 -> 91 | C103: Michoacán | D103: Calle Dr. Alonso Martínez Nº. 660 Sur, Planta Baja y Piso 2, Fraccionamiento Jardinadas, C.P. 59626, Zamora, Michoacán | E103: Oficinas Administrativas Subdelegacionales | F103: 50000 | G103: 696000 | H103: Renovación con incremento | I103: =G103*1.1 -> 765600 | J103: =G103*1.05 -> 730800 | L103: =K103/12*9 -> 0 | M103: =G103+L103 -> 696000 | N103: No
...

Sheet Calendario_2027
B1: Dirección de Administración
B2: Unidad de Administración
B3: Coordinación de Conservación y Servicios Generales
B4: Coordinación Técnica de Administración de Activos
B5: División de Arrendamiento y Comercialización
B7: Anteproyecto 2027
B8: Permisos de Uso Temporal Revocable y Contratos de Subarrendamiento
N9: millones pesos
B10: Concepto | C10: Enero | D10: Febrero | E10: Marzo | F10: Abril | G10: Mayo | H10: Junio | I10: Julio | J10: Agosto | K10: Septiembre | L10: Octubre | M10: Noviembre | N10: Diciembre | O10: Monto Anual
R11: 1000000
B12: Antetpoyecto de Ingresos 2026 | R12: =+R54 -> 19127784 | S12: =+S54 -> 14075360 | T12: =+T54 -> 12394720 | U12: =+U54 -> 13024960 | V12: =+V54 -> 19747520 | W12: =+W54 -> 37184160 | X12: =+X54 -> 9768720 | Y12: =+Y54 -> 12604800 | ... AC12: =+AC54 -> 20075178 | AD12: =SUM(R12:AC12) -> 1.9539744e+08 | AE12: =SUM(R18:AC53) -> 1.9539744e+08
B13: Ingresos por Permisos de Uso Temporal Revocable y Contratos de Subarrend. | C13: =+R14 -> 4.600909 | D13: =+S14 -> 3.3856222 | E13: =+T14 -> 2.9813688 | F13: =+U14 -> 3.1329638 | G13: =+V14 -> 4.7499774 | H13: =+W14 -> 8.9441065 | I13: =+X14 -> 2.3497229 | J13: =+Y14 -> 3.0319005 | ... N13: =+AC14 -> 4.8287907 | O13: =SUM(C13:N13) -> 47 | R13: =+R12/$AD$12 -> 0.097891681 | S13: =+S12/$AD$12 -> 0.072034515 | T13: =+T12/$AD$12 -> 0.063433379 | U13: =+U12/$AD$12 -> 0.066658805 | V13: =+V12/$AD$12 -> 0.10106335 | W13: =+W12/$AD$12 -> 0.19030014 | X13: =+X12/$AD$12 -> 0.049994104 | Y13: =+Y12/$AD$12 -> 0.064508521 | ... AC13: =+AC12/$AD$12 -> 0.10274023 | AD13: =SUM(R13:AC13) -> 1
R14: =+R13*$AD$14 -> 4.600909 | S14: =+S13*$AD$14 -> 3.3856222 | T14: =+T13*$AD$14 -> 2.9813688 | U14: =+U13*$AD$14 -> 3.1329638 | V14: =+V13*$AD$14 -> 4.7499774 | W14: =+W13*$AD$14 -> 8.9441065 | X14: =+X13*$AD$14 -> 2.3497229 | Y14: =+Y13*$AD$14 -> 3.0319005 | ... AC14: =+AC13*$AD$14 -> 4.8287907 | AD14: =+'Anteproyecto Ingresos 2027'!E18 -> 47 | AE14: =+AD14*1000000 -> 47000000
N15: (pesos)
A16: Uni Oper | C16: ENERO | D16: FEBRERO | E16: MARZO | F16: ABRIL | G16: MAYO | H16: JUNIO | I16: JULIO | J16: AGOSTO | K16: SEPTIEMBRE | L16: OCTUBRE | M16: NOVIEMBRE | N16: DICIEMBRE | O16: Monto Anual | R16: ENERO | S16: FEBRERO | T16: MARZO | U16: ABRIL | V16: MAYO | W16: JUNIO | X16: JULIO | Y16: AGOSTO | Z16: SEPTIEMBRE | AA16: OCTUBRE | AB16: NOVIEMBRE | AC16: DICIEMBRE | AE16: ENERO | AF16: FEBRERO | AG16: MARZO | AH16: ABRIL | AI16: MAYO | AJ16: JUNIO | AK16: JULIO | AL16: AGOSTO | AM16: SEPTIEMBRE | AN16: OCTUBRE | AO16: NOVIEMBRE | AP16: DICIEMBRE | AR16: ENERO | AS16: FEBRERO | AT16: MARZO | AU16: ABRIL | AV16: MAYO | AW16: JUNIO | AX16: JULIO | AY16: AGOSTO | AZ16: SEPTIEMBRE | BA16: OCTUBRE | BB16: NOVIEMBRE | BC16: DICIEMBRE
A18: AGUASCALIENTES | B18: AGUASCALIENTES | C18: =ROUND(AR18,0) -> 0 | D18: =ROUND(AS18,0) -> 0 | E18: =ROUND(AT18,0) -> 69816 | F18: =ROUND(AU18,0) -> 2410 | G18: =ROUND(AV18,0) -> 0 | H18: =ROUND(AW18,0) -> 0 | I18: =ROUND(AX18,0) -> 0 | J18: =ROUND(AY18,0) -> 0 | ... N18: =ROUND(BC18,0) -> 69541 | O18: =SUM(C18:N18) -> 141767 | Q18: AGUASCALIENTES | R18: 0 | S18: 0 | T18: 290252.83 | U18: 10017.665 | V18: 0 | W18: 0 | X18: 0 | Y18: 0 | Z18: 0 | AA18: 0 | AB18: 0 | AC18: 289110 | AE18: =+R18/$AE$12 -> 0 | AF18: =+S18/$AE$12 -> 0 | AG18: =+T18/$AE$12 -> 0.0014854485 | AH18: =+U18/$AE$12 -> 5.1268147e-05 | AI18: =+V18/$AE$12 -> 0 | AJ18: =+W18/$AE$12 -> 0 | AK18: =+X18/$AE$12 -> 0 | AL18: =+Y18/$AE$12 -> 0 | ... AP18: =+AC18/$AE$12 -> 0.0014795997 | AR18: =+AE18*$AE$14 -> 0 | AS18: =+AF18*$AE$14 -> 0 | AT18: =+AG18*$AE$14 -> 69816.078 | AU18: =+AH18*$AE$14 -> 2409.6029 | AV18: =+AI18*$AE$14 -> 0 | AW18: =+AJ18*$AE$14 -> 0 | AX18: =+AK18*$AE$14 -> 0 | AY18: =+AL18*$AE$14 -> 0 | ... BC18: =+AP18*$AE$14 -> 69541.186
A19: BAJA CALIFORNIA | B19: BAJA CALIFORNIA | C19: =ROUND(AR19,0) -> 8551 | D19: =ROUND(AS19,0) -> 13202 | E19: =ROUND(AT19,0) -> 21363 | F19: =ROUND(AU19,0) -> 14385 | G19: =ROUND(AV19,0) -> 31790 | H19: =ROUND(AW19,0) -> 57148 | I19: =ROUND(AX19,0) -> 6619 | J19: =ROUND(AY19,0) -> 6603 | ... N19: =ROUND(BC19,0) -> 2462 | O19: =SUM(C19:N19) -> 419687 | Q19: BAJA CALIFORNIA | R19: 35550.788 | S19: 54886.551 | T19: 88813.421 | U19: 59802.423 | V19: 132165.53 | W19: 237587.88 | X19: 27516.278 | Y19: 27453.254 | Z19: 15289.622 | AA19: 177200.38 | AB19: 878301.41 | AC19: 10236.148 | AE19: =+R19/$AE$12 -> 0.00018194091 | AF19: =+S19/$AE$12 -> 0.00028089698 | AG19: =+T19/$AE$12 -> 0.00045452704 | AH19: =+U19/$AE$12 -> 0.0003060553 | AI19: =+V19/$AE$12 -> 0.00067639335 | AJ19: =+W19/$AE$12 -> 0.0012159211 | AK19: =+X19/$AE$12 -> 0.0001408221 | AL19: =+Y19/$AE$12 -> 0.00014049956 | ... AP19: =+AC19/$AE$12 -> 5.2386295e-05 | AR19: =+AE19*$AE$14 -> 8551.2227 | AS19: =+AF19*$AE$14 -> 13202.158 | AT19: =+AG19*$AE$14 -> 21362.771 | AU19: =+AH19*$AE$14 -> 14384.599 | AV19: =+AI19*$AE$14 -> 31790.487 | AW19: =+AJ19*$AE$14 -> 57148.292 | AX19: =+AK19*$AE$14 -> 6618.6388 | AY19: =+AL19*$AE$14 -> 6603.4793 | ... BC19: =+AP19*$AE$14 -> 2462.1559
A20: BAJA CALIFORNIA SUR | B20: BAJA CALIFORNIA SUR | C20: =ROUND(AR20,0) -> 10372 | D20: =ROUND(AS20,0) -> 8585 | E20: =ROUND(AT20,0) -> 16634 | F20: =ROUND(AU20,0) -> 21217 | G20: =ROUND(AV20,0) -> 54096 | H20: =ROUND(AW20,0) -> 72324 | I20: =ROUND(AX20,0) -> 0 | J20: =ROUND(AY20,0) -> 0 | ... N20: =ROUND(BC20,0) -> 55050 | O20: =SUM(C20:N20) -> 299124 | Q20: BAJA CALIFORNIA SUR | R20: 43121.021 | S20: 35689.441 | T20: 69152.034 | U20: 88209.441 | V20: 224900.09 | W20: 300678.05 | X20: 0 | Y20: 0 | Z20: 131782.13 | AA20: 34771.391 | AB20: 86409.055 | AC20: 228863.25 | AE20: =+R20/$AE$12 -> 0.00022068365 | AF20: =+S20/$AE$12 -> 0.0001826505 | AG20: =+T20/$AE$12 -> 0.0003539045 | AH20: =+U20/$AE$12 -> 0.00045143601 | AI20: =+V20/$AE$12 -> 0.0011509879 | AJ20: =+W20/$AE$12 -> 0.0015388024 | AK20: =+X20/$AE$12 -> 0 | AL20: =+Y20/$AE$12 -> 0 | ... AP20: =+AC20/$AE$12 -> 0.0011712705 | AR20: =+AE20*$AE$14 -> 10372.132 | AS20: =+AF20*$AE$14 -> 8584.5736 | AT20: =+AG20*$AE$14 -> 16633.511 | AU20: =+AH20*$AE$14 -> 21217.492 | AV20: =+AI20*$AE$14 -> 54096.432 | AW20: =+AJ20*$AE$14 -> 72323.712 | AX20: =+AK20*$AE$14 -> 0 | AY20: =+AL20*$AE$14 -> 0 | ... BC20: =+AP20*$AE$14 -> 55049.712
A21: CAMPECHE | B21: CAMPECHE | C21: =ROUND(AR21,0) -> 3747 | D21: =ROUND(AS21,0) -> 7720 | E21: =ROUND(AT21,0) -> 31537 | F21: =ROUND(AU21,0) -> 5547 | G21: =ROUND(AV21,0) -> 13510 | H21: =ROUND(AW21,0) -> 0 | I21: =ROUND(AX21,0) -> 0 | J21: =ROUND(AY21,0) -> 0 | ... N21: =ROUND(BC21,0) -> 6343 | O21: =SUM(C21:N21) -> 121505 | Q21: CAMPECHE | R21: 15576.382 | S21: 32094.972 | T21: 131109.88 | U21: 23062.582 | V21: 56168.039 | W21: 0 | X21: 0 | Y21: 0 | Z21: 0 | AA21: 9486.1624 | AB21: 211276.41 | AC21: 26370.292 | AE21: =+R21/$AE$12 -> 7.9716405e-05 | AF21: =+S21/$AE$12 -> 0.00016425482 | AG21: =+T21/$AE$12 -> 0.00067099076 | AH21: =+U21/$AE$12 -> 0.00011802909 | AI21: =+V21/$AE$12 -> 0.00028745535 | AJ21: =+W21/$AE$12 -> 0 | AK21: =+X21/$AE$12 -> 0 | AL21: =+Y21/$AE$12 -> 0 | ... AP21: =+AC21/$AE$12 -> 0.0001349572 | AR21: =+AE21*$AE$14 -> 3746.671 | AS21: =+AF21*$AE$14 -> 7719.9766 | AT21: =+AG21*$AE$14 -> 31536.566 | AU21: =+AH21*$AE$14 -> 5547.3673 | AV21: =+AI21*$AE$14 -> 13510.401 | AW21: =+AJ21*$AE$14 -> 0 | AX21: =+AK21*$AE$14 -> 0 | AY21: =+AL21*$AE$14 -> 0 | ... BC21: =+AP21*$AE$14 -> 6342.9885
A22: COAHUILA | B22: COAHUILA | C22: =ROUND(AR22,0) -> 6886 | D22: =ROUND(AS22,0) -> 87622 | E22: =ROUND(AT22,0) -> 68940 | F22: =ROUND(AU22,0) -> 21422 | G22: =ROUND(AV22,0) -> 3345 | H22: =ROUND(AW22,0) -> 2666 | I22: =ROUND(AX22,0) -> 450 | J22: =ROUND(AY22,0) -> 62270 | K22: =ROUND(AZ22,0) -> 6658 | M22: =ROUND(BB22,0) -> 6027 | N22: =ROUND(BC22,0) -> 1471 | O22: =SUM(C22:N22) -> 267757 | Q22: COAHUILA | R22: 28627.602 | S22: 364278.72 | T22: 286610.04 | U22: 89059.214 | V22: 13905.195 | W22: 11082.77 | X22: 1869.712 | Y22: 258881.58 | Z22: 27680.141 | AA22: -1566.1464 | AB22: 25056.242 | AC22: 0 | AE22: =+R22/$AE$12 -> 0.0001465096 | AF22: =+S22/$AE$12 -> 0.0018642963 | AG22: =+T22/$AE$12 -> 0.0014668055 | AH22: =+U22/$AE$12 -> 0.00045578496 | AI22: =+V22/$AE$12 -> 7.116365e-05 | AJ22: =+W22/$AE$12 -> 5.6719117e-05 | AK22: =+X22/$AE$12 -> 9.568764e-06 | AL22: =+Y22/$AE$12 -> 0.0013248975 | ... AP22: =+AC22/$AE$12 -> 0 | AR22: =+AE22*$AE$14 -> 6885.9513 | AS22: =+AF22*$AE$14 -> 87621.924 | AT22: =+AG22*$AE$14 -> 68939.859 | AU22: =+AH22*$AE$14 -> 21421.893 | AV22: =+AI22*$AE$14 -> 3344.6916 | AW22: =+AJ22*$AE$14 -> 2665.7985 | AX22: =+AK22*$AE$14 -> 449.73191 | AY22: =+AL22*$AE$14 -> 62270.183 | ... BB22: =+AO22*$AE$14 -> 6026.9129 | BC22: 1471
A23: COLIMA | B23: COLIMA | C23: =ROUND(AR23,0) -> 4885 | D23: =ROUND(AS23,0) -> 5200 | E23: =ROUND(AT23,0) -> 20083 | F23: =ROUND(AU23,0) -> 0 | G23: =ROUND(AV23,0) -> 0 | H23: =ROUND(AW23,0) -> 0 | I23: =ROUND(AX23,0) -> 0 | J23: =ROUND(AY23,0) -> 20327 | ... N23: =ROUND(BC23,0) -> 0 | O23: =SUM(C23:N23) -> 64773 | Q23: COLIMA | R23: 20309.484 | S23: 21617.232 | T23: 83494.195 | U23: 0 | V23: 0 | W23: 0 | X23: 0 | Y23: 84506.781 | Z23: 608.1816 | AA23: 58750.973 | AB23: 0 | AC23: 0 | AE23: =+R23/$AE$12 -> 0.00010393935 | AF23: =+S23/$AE$12 -> 0.00011063211 | AG23: =+T23/$AE$12 -> 0.00042730444 | AH23: =+U23/$AE$12 -> 0 | AI23: =+V23/$AE$12 -> 0 | AJ23: =+W23/$AE$12 -> 0 | AK23: =+X23/$AE$12 -> 0 | AL23: =+Y23/$AE$12 -> 0.00043248663 | ... AP23: =+AC23/$AE$12 -> 0 | AR23: =+AE23*$AE$14 -> 4885.1497 | AS23: =+AF23*$AE$14 -> 5199.7094 | AT23: =+AG23*$AE$14 -> 20083.309 | AU23: =+AH23*$AE$14 -> 0 | AV23: =+AI23*$AE$14 -> 0 | AW23: =+AJ23*$AE$14 -> 0 | AX23: =+AK23*$AE$14 -> 0 | AY23: =+AL23*$AE$14 -> 20326.872 | ... BC23: =+AP23*$AE$14 -> 0
A24: CHIAPAS | B24: CHIAPAS | C24: =ROUND(AR24,0) -> 6284 | D24: =ROUND(AS24,0) -> 0 | E24: =ROUND(AT24,0) -> 0 | F24: =ROUND(AU24,0) -> 0 | G24: =ROUND(AV24,0) -> 0 | H24: =ROUND(AW24,0) -> 0 | I24: =ROUND(AX24,0) -> 0 | J24: =ROUND(AY24,0) -> 253990 | ... N24: =ROUND(BC24,0) -> 0 | O24: =SUM(C24:N24) -> 261911 | Q24: CHIAPAS | R24: 26124.498 | S24: 0 | T24: 0 | U24: 0 | V24: 0 | W24: 0 | X24: 0 | Y24: 1055937.7 | Z24: 6806.592 | AA24: 0 | AB24: 0 | AC24: 0 | AE24: =+R24/$AE$12 -> 0.00013369929 | AF24: =+S24/$AE$12 -> 0 | AG24: =+T24/$AE$12 -> 0 | AH24: =+U24/$AE$12 -> 0 | AI24: =+V24/$AE$12 -> 0 | AJ24: =+W24/$AE$12 -> 0 | AK24: =+X24/$AE$12 -> 0 | AL24: =+Y24/$AE$12 -> 0.0054040508 | ... AP24: =+AC24/$AE$12 -> 0 | AR24: =+AE24*$AE$14 -> 6283.8664 | AS24: =+AF24*$AE$14 -> 0 | AT24: =+AG24*$AE$14 -> 0 | AU24: =+AH24*$AE$14 -> 0 | AV24: =+AI24*$AE$14 -> 0 | AW24: =+AJ24*$AE$14 -> 0 | AX24: =+AK24*$AE$14 -> 0 | AY24: =+AL24*$AE$14 -> 253990.39 | ... BC24: =+AP24*$AE$14 -> 0
A25: CHIHUAHUA | B25: CHIHUAHUA | C25: =ROUND(AR25,0) -> 75142 | D25: =ROUND(AS25,0) -> 41269 | E25: =ROUND(AT25,0) -> 16912 | F25: =ROUND(AU25,0) -> 28915 | G25: =ROUND(AV25,0) -> 42119 | H25: =ROUND(AW25,0) -> 105834 | I25: =ROUND(AX25,0) -> 38727 | J25: =ROUND(AY25,0) -> 19755 | ... N25: =ROUND(BC25,0) -> 8793 | O25: =SUM(C25:N25) -> 402424 | Q25: CHIHUAHUA | R25: 312395.26 | S25: 171572.34 | T25: 70308.524 | U25: 120209.88 | V25: 175106.93 | W25: 439994.7 | X25: 161003.21 | Y25: 82130.776 | Z25: 16575.312 | AA25: 31190.578 | AB25: 55995.774 | AC25: 36557.071 | AE25: =+R25/$AE$12 -> 0.0015987684 | AF25: =+S25/$AE$12 -> 0.00087806849 | AG25: =+T25/$AE$12 -> 0.00035982316 | AH25: =+U25/$AE$12 -> 0.00061520702 | AI25: =+V25/$AE$12 -> 0.00089615775 | AJ25: =+W25/$AE$12 -> 0.0022517936 | AK25: =+X25/$AE$12 -> 0.00082397809 | AL25: =+Y25/$AE$12 -> 0.00042032677 | ... AP25: =+AC25/$AE$12 -> 0.00018709084 | AR25: =+AE25*$AE$14 -> 75142.117 | AS25: =+AF25*$AE$14 -> 41269.219 | AT25: =+AG25*$AE$14 -> 16911.688 | AU25: =+AH25*$AE$14 -> 28914.73 | AV25: =+AI25*$AE$14 -> 42119.414 | AW25: =+AJ25*$AE$14 -> 105834.3 | AX25: =+AK25*$AE$14 -> 38726.97 | AY25: =+AL25*$AE$14 -> 19755.358 | ... BC25: =+AP25*$AE$14 -> 8793.2694
A26: NIVEL CENTRAL | B26: NIVEL CENTRAL | C26: =ROUND(AR26,0) -> 3197533 | D26: =ROUND(AS26,0) -> 1381539 | E26: =ROUND(AT26,0) -> 1398755 | F26: =ROUND(AU26,0) -> 2125723 | G26: =ROUND(AV26,0) -> 3374482 | H26: =ROUND(AW26,0) -> 6178366 | I26: =ROUND(AX26,0) -> 1484591 | J26: =ROUND(AY26,0) -> 1755437 | ... N26: =ROUND(BC26,0) -> 2199496 | O26: =SUM(C26:N26) -> 29842407 | Q26: NIVEL CENTRAL | R26: 13293398 | S26: 5743600.9 | T26: 5815172 | U26: 8837465.8 | V26: 14029047 | W26: 25685891 | X26: 6172028.6 | Y26: 7298041.6 | Z26: 10351085 | AA26: 9828687.3 | AB26: 7868015.9 | AC26: 9144166.9 | AE26: =+R26/$AE$12 -> 0.068032611 | AF26: =+S26/$AE$12 -> 0.029394453 | AG26: =+T26/$AE$12 -> 0.029760737 | AH26: =+U26/$AE$12 -> 0.045228155 | AI26: =+V26/$AE$12 -> 0.071797495 | AJ26: =+W26/$AE$12 -> 0.13145459 | AK26: =+X26/$AE$12 -> 0.031587049 | AL26: =+Y26/$AE$12 -> 0.03734973 | ... AP26: =+AC26/$AE$12 -> 0.046797782 | AR26: =+AE26*$AE$14 -> 3197532.7 | AS26: =+AF26*$AE$14 -> 1381539.3 | AT26: =+AG26*$AE$14 -> 1398754.7 | AU26: =+AH26*$AE$14 -> 2125723.3 | AV26: =+AI26*$AE$14 -> 3374482.3 | AW26: =+AJ26*$AE$14 -> 6178365.9 | AX26: =+AK26*$AE$14 -> 1484591.3 | AY26: =+AL26*$AE$14 -> 1755437.3 | ... BC26: =+AP26*$AE$14 -> 2199495.8
A27: DURANGO | B27: DURANGO | C27: =ROUND(AR27,0) -> 3248 | D27: =ROUND(AS27,0) -> 11589 | E27: =ROUND(AT27,0) -> 12889 | F27: =ROUND(AU27,0) -> 6702 | G27: =ROUND(AV27,0) -> 0 | H27: =ROUND(AW27,0) -> 0 | I27: =ROUND(AX27,0) -> 351 | J27: =ROUND(AY27,0) -> 6399 | ... N27: =ROUND(BC27,0) -> 104259 | O27: =SUM(C27:N27) -> 145437 | Q27: DURANGO | R27: 13503.942 | S27: 48181.848 | T27: 53586.156 | U27: 27862.91 | V27: 0 | W27: 0 | X27: 1459.0056 | Y27: 26601.38 | Z27: 0 | AA27: 0 | AB27: 0 | AC27: 433447.56 | AE27: =+R27/$AE$12 -> 6.9110129e-05 | AF27: =+S27/$AE$12 -> 0.00024658382 | AG27: =+T27/$AE$12 -> 0.00027424185 | AH27: =+U27/$AE$12 -> 0.00014259609 | AI27: =+V27/$AE$12 -> 0 | AJ27: =+W27/$AE$12 -> 0 | AK27: =+X27/$AE$12 -> 7.4668613e-06 | AL27: =+Y27/$AE$12 -> 0.00013613986 | ... AP27: =+AC27/$AE$12 -> 0.0022182868 | AR27: =+AE27*$AE$14 -> 3248.1761 | AS27: =+AF27*$AE$14 -> 11589.44 | AT27: =+AG27*$AE$14 -> 12889.367 | AU27: =+AH27*$AE$14 -> 6702.016 | AV27: =+AI27*$AE$14 -> 0 | AW27: =+AJ27*$AE$14 -> 0 | AX27: =+AK27*$AE$14 -> 350.94248 | AY27: =+AL27*$AE$14 -> 6398.5733 | ... BC27: =+AP27*$AE$14 -> 104259.48
A28: GUANAJUATO | B28: GUANAJUATO | C28: =ROUND(AR28,0) -> 4851 | D28: =ROUND(AS28,0) -> 5973 | E28: =ROUND(AT28,0) -> 13523 | F28: =ROUND(AU28,0) -> 78581 | G28: =ROUND(AV28,0) -> 14860 | H28: =ROUND(AW28,0) -> 325459 | I28: =ROUND(AX28,0) -> 0 | J28: =ROUND(AY28,0) -> 10510 | ... N28: =ROUND(BC28,0) -> 65278 | O28: =SUM(C28:N28) -> 537763 | Q28: GUANAJUATO | R28: 20167.68 | S28: 24832.506 | T28: 56221.61 | U28: 326690.16 | V28: 61777.175 | W28: 1353062.3 | X28: 0 | Y28: 43694.539 | Z28: 34914.246 | AA28: 20092.051 | AB28: 22853.553 | AC28: 271384.5 | AE28: =+R28/$AE$12 -> 0.00010321363 | AF28: =+S28/$AE$12 -> 0.00012708716 | AG28: =+T28/$AE$12 -> 0.00028772951 | AH28: =+U28/$AE$12 -> 0.0016719265 | AI28: =+V28/$AE$12 -> 0.00031616164 | AJ28: =+W28/$AE$12 -> 0.0069246672 | AK28: =+X28/$AE$12 -> 0 | AL28: =+Y28/$AE$12 -> 0.00022361879 | ... AP28: =+AC28/$AE$12 -> 0.0013888846 | AR28: =+AE28*$AE$14 -> 4851.0408 | AS28: =+AF28*$AE$14 -> 5973.0966 | AT28: =+AG28*$AE$14 -> 13523.287 | AU28: =+AH28*$AE$14 -> 78580.544 | AV28: =+AI28*$AE$14 -> 14859.597 | AW28: =+AJ28*$AE$14 -> 325459.36 | AX28: =+AK28*$AE$14 -> 0 | AY28: =+AL28*$AE$14 -> 10510.083 | ... BC28: =+AP28*$AE$14 -> 65277.576
A29: GUERRERO | B29: GUERRERO | C29: =ROUND(AR29,0) -> 171665 | D29: =ROUND(AS29,0) -> 16587 | E29: =ROUND(AT29,0) -> 74288 | F29: =ROUND(AU29,0) -> 14301 | G29: =ROUND(AV29,0) -> 0 | H29: =ROUND(AW29,0) -> 0 | I29: =ROUND(AX29,0) -> 0 | J29: =ROUND(AY29,0) -> 0 | ... N29: =ROUND(BC29,0) -> 167914 | O29: =SUM(C29:N29) -> 507711 | Q29: GUERRERO | R29: 713679.57 | S29: 68958.76 | T29: 308843.86 | U29: 59456.842 | V29: 0 | W29: 0 | X29: 0 | Y29: 0 | Z29: 251940.54 | AA29: 9790.7784 | AB29: 0 | AC29: 698086.39 | AE29: =+R29/$AE$12 -> 0.003652451 | AF29: =+S29/$AE$12 -> 0.00035291537 | AG29: =+T29/$AE$12 -> 0.0015805932 | AH29: =+U29/$AE$12 -> 0.00030428669 | AI29: =+V29/$AE$12 -> 0 | AJ29: =+W29/$AE$12 -> 0 | AK29: =+X29/$AE$12 -> 0 | AL29: =+Y29/$AE$12 -> 0 | ... AP29: =+AC29/$AE$12 -> 0.0035726486 | AR29: =+AE29*$AE$14 -> 171665.2 | AS29: =+AF29*$AE$14 -> 16587.022 | AT29: =+AG29*$AE$14 -> 74287.879 | AU29: =+AH29*$AE$14 -> 14301.475 | AV29: =+AI29*$AE$14 -> 0 | AW29: =+AJ29*$AE$14 -> 0 | AX29: =+AK29*$AE$14 -> 0 | AY29: =+AL29*$AE$14 -> 0 | ... BC29: =+AP29*$AE$14 -> 167914.48
A30: HIDALGO | B30: HIDALGO | C30: =ROUND(AR30,0) -> 1262 | D30: =ROUND(AS30,0) -> 22527 | E30: =ROUND(AT30,0) -> 0 | F30: =ROUND(AU30,0) -> 1055 | G30: =ROUND(AV30,0) -> 0 | H30: =ROUND(AW30,0) -> 0 | I30: =ROUND(AX30,0) -> 0 | J30: =ROUND(AY30,0) -> 0 | ... N30: =ROUND(BC30,0) -> 1508 | O30: =SUM(C30:N30) -> 26352 | Q30: HIDALGO | R30: 5245.6976 | S30: 93653.664 | T30: 0 | U30: 4385.42 | V30: 0 | W30: 0 | X30: 0 | Y30: 0 | Z30: 0 | AA30: 0 | AB30: 0 | AC30: 6268.7872 | AE30: =+R30/$AE$12 -> 2.6846296e-05 | AF30: =+S30/$AE$12 -> 0.00047929831 | AG30: =+T30/$AE$12 -> 0 | AH30: =+U30/$AE$12 -> 2.244359e-05 | AI30: =+V30/$AE$12 -> 0 | AJ30: =+W30/$AE$12 -> 0 | AK30: =+X30/$AE$12 -> 0 | AL30: =+Y30/$AE$12 -> 0 | ... AP30: =+AC30/$AE$12 -> 3.2082238e-05 | AR30: =+AE30*$AE$14 -> 1261.7759 | AS30: =+AF30*$AE$14 -> 22527.021 | AT30: =+AG30*$AE$14 -> 0 | AU30: =+AH30*$AE$14 -> 1054.8487 | AV30: =+AI30*$AE$14 -> 0 | AW30: =+AJ30*$AE$14 -> 0 | AX30: =+AK30*$AE$14 -> 0 | AY30: =+AL30*$AE$14 -> 0 | ... BC30: =+AP30*$AE$14 -> 1507.8652
A31: JALISCO | B31: JALISCO | C31: =ROUND(AR31,0) -> 83390 | D31: =ROUND(AS31,0) -> 41089 | E31: =ROUND(AT31,0) -> 24805 | F31: =ROUND(AU31,0) -> 88139 | G31: =ROUND(AV31,0) -> 344771 | H31: =ROUND(AW31,0) -> 294245 | I31: =ROUND(AX31,0) -> 181263 | J31: =ROUND(AY31,0) -> 40133 | ... N31: =ROUND(BC31,0) -> 41398 | O31: =SUM(C31:N31) -> 1254964 | Q31: JALISCO | R31: 346685.57 | S31: 170821.3 | T31: 103123.02 | U31: 366429.94 | V31: 1433346.4 | W31: 1223293.7 | X31: 753582.17 | Y31: 166849.74 | Z31: 174240.35 | AA31: 106335.14 | AB31: 200564.43 | AC31: 172108.04 | AE31: =+R31/$AE$12 -> 0.0017742585 | AF31: =+S31/$AE$12 -> 0.00087422485 | AG31: =+T31/$AE$12 -> 0.00052776034 | AH31: =+U31/$AE$12 -> 0.0018753057 | AI31: =+V31/$AE$12 -> 0.0073355435 | AJ31: =+W31/$AE$12 -> 0.0062605412 | AK31: =+X31/$AE$12 -> 0.0038566634 | AL31: =+Y31/$AE$12 -> 0.00085389929 | ... AP31: =+AC31/$AE$12 -> 0.0008808101 | AR31: =+AE31*$AE$14 -> 83390.149 | AS31: =+AF31*$AE$14 -> 41088.568 | AT31: =+AG31*$AE$14 -> 24804.736 | AU31: =+AH31*$AE$14 -> 88139.369 | AV31: =+AI31*$AE$14 -> 344770.54 | AW31: =+AJ31*$AE$14 -> 294245.44 | AX31: =+AK31*$AE$14 -> 181263.18 | AY31: =+AL31*$AE$14 -> 40133.267 | ... BC31: =+AP31*$AE$14 -> 41398.075
A32: EDO. MEX. OTE. | B32: EDO. MEX. OTE. | C32: =ROUND(AR32,0) -> 562073 | D32: =ROUND(AS32,0) -> 0 | E32: =ROUND(AT32,0) -> 50952 | F32: =ROUND(AU32,0) -> 59296 | G32: =ROUND(AV32,0) -> 40336 | H32: =ROUND(AW32,0) -> 114958 | I32: =ROUND(AX32,0) -> 31076 | J32: =ROUND(AY32,0) -> 11953 | ... N32: =ROUND(BC32,0) -> 0 | O32: =SUM(C32:N32) -> 871458 | Q32: EDO. MEX. OTE. | R32: 2336759.8 | S32: 0 | T32: 211828.92 | U32: 246516.28 | V32: 167691.11 | W32: 477925.7 | X32: 129197.1 | Y32: 49693.374 | Z32: 1828.7464 | AA32: 1555.6424 | AB32: 0 | AC32: 0 | AE32: =+R32/$AE$12 -> 0.011959009 | AF32: =+S32/$AE$12 -> 0 | AG32: =+T32/$AE$12 -> 0.0010840926 | AH32: =+U32/$AE$12 -> 0.0012616147 | AI32: =+V32/$AE$12 -> 0.00085820524 | AJ32: =+W32/$AE$12 -> 0.0024459158 | AK32: =+X32/$AE$12 -> 0.00066120159 | AL32: =+Y32/$AE$12 -> 0.00025431947 | ... AP32: =+AC32/$AE$12 -> 0 | AR32: =+AE32*$AE$14 -> 562073.42 | AS32: =+AF32*$AE$14 -> 0 | AT32: =+AG32*$AE$14 -> 50952.351 | AU32: =+AH32*$AE$14 -> 59295.889 | AV32: =+AI32*$AE$14 -> 40335.646 | AW32: =+AJ32*$AE$14 -> 114958.04 | AX32: =+AK32*$AE$14 -> 31076.475 | AY32: =+AL32*$AE$14 -> 11953.015 | ... BC32: =+AP32*$AE$14 -> 0
A33: EDO. MEX. PTE. | B33: EDO. MEX. PTE. | C33: =ROUND(AR33,0) -> 8075 | D33: =ROUND(AS33,0) -> 8149 | E33: =ROUND(AT33,0) -> 110218 | F33: =ROUND(AU33,0) -> 14954 | G33: =ROUND(AV33,0) -> 0 | H33: =ROUND(AW33,0) -> 0 | I33: =ROUND(AX33,0) -> 0 | J33: =ROUND(AY33,0) -> 80053 | ... N33: =ROUND(BC33,0) -> 212596 | O33: =SUM(C33:N33) -> 446910 | Q33: EDO. MEX. PTE. | R33: 33569.734 | S33: 33880.652 | T33: 458220.19 | U33: 62170.025 | V33: 0 | W33: 0 | X33: 0 | Y33: 332810.84 | Z33: 38361.658 | AA33: 3192.1656 | AB33: 11931.494 | AC33: 883843.32 | AE33: =+R33/$AE$12 -> 0.00017180232 | AF33: =+S33/$AE$12 -> 0.00017339353 | AG33: =+T33/$AE$12 -> 0.0023450675 | AH33: =+U33/$AE$12 -> 0.00031817215 | AI33: =+V33/$AE$12 -> 0 | AJ33: =+W33/$AE$12 -> 0 | AK33: =+X33/$AE$12 -> 0 | AL33: =+Y33/$AE$12 -> 0.0017032507 | ... AP33: =+AC33/$AE$12 -> 0.0045233106 | AR33: =+AE33*$AE$14 -> 8074.709 | AS33: =+AF33*$AE$14 -> 8149.4959 | AT33: =+AG33*$AE$14 -> 110218.17 | AU33: =+AH33*$AE$14 -> 14954.091 | AV33: =+AI33*$AE$14 -> 0 | AW33: =+AJ33*$AE$14 -> 0 | AX33: =+AK33*$AE$14 -> 0 | AY33: =+AL33*$AE$14 -> 80052.785 | ... BC33: =+AP33*$AE$14 -> 212595.6
A34: MICHOACAN | B34: MICHOACAN | C34: =ROUND(AR34,0) -> 10048 | D34: =ROUND(AS34,0) -> 11071 | E34: =ROUND(AT34,0) -> 8509 | F34: =ROUND(AU34,0) -> 11316 | G34: =ROUND(AV34,0) -> 6061 | H34: =ROUND(AW34,0) -> 26698 | I34: =ROUND(AX34,0) -> 6388 | J34: =ROUND(AY34,0) -> 17198 | ... N34: =ROUND(BC34,0) -> 19522 | O34: =SUM(C34:N34) -> 151065 | Q34: MICHOACAN | R34: 41772.307 | S34: 46027.478 | T34: 35374.321 | U34: 47044.265 | V34: 25196.995 | W34: 110992.62 | X34: 26559.364 | Y34: 71497.577 | Z34: 12182.539 | AA34: 120549.16 | AB34: 9680.4864 | AC34: 81160.206 | AE34: =+R34/$AE$12 -> 0.00021378124 | AF34: =+S34/$AE$12 -> 0.00023555824 | AG34: =+T34/$AE$12 -> 0.00018103779 | AH34: =+U34/$AE$12 -> 0.00024076193 | AI34: =+V34/$AE$12 -> 0.00012895253 | AJ34: =+W34/$AE$12 -> 0.00056803516 | AK34: =+X34/$AE$12 -> 0.00013592483 | AL34: =+Y34/$AE$12 -> 0.00036590846 | ... AP34: =+AC34/$AE$12 -> 0.00041535962 | AR34: =+AE34*$AE$14 -> 10047.718 | AS34: =+AF34*$AE$14 -> 11071.237 | AT34: =+AG34*$AE$14 -> 8508.7761 | AU34: =+AH34*$AE$14 -> 11315.811 | AV34: =+AI34*$AE$14 -> 6060.7691 | AW34: =+AJ34*$AE$14 -> 26697.652 | AX34: =+AK34*$AE$14 -> 6388.467 | AY34: =+AL34*$AE$14 -> 17197.698 | ... BC34: =+AP34*$AE$14 -> 19521.902
... A53: SUR, D. F. | B53: SUR, D. F. | C53: =ROUND(AR53,0) -> 71151 | D53: =ROUND(AS53,0) -> 998684 | E53: =ROUND(AT53,0) -> 6552 | F53: =ROUND(AU53,0) -> 15028 | G53: =ROUND(AV53,0) -> 0 | H53: =ROUND(AW53,0) -> 81735 | I53: =ROUND(AX53,0) -> 0 | J53: =ROUND(AY53,0) -> 331362 | ... N53: =ROUND(BC53,0) -> 71816 | O53: =SUM(C53:N53) -> 1975841 | Q53: SUR, D. F. | R53: 295804.19 | S53: 4151920.3 | T53: 27238.973 | U53: 62477.792 | V53: 0 | W53: 339804.4 | X53: 0 | Y53: 1377603.8 | Z53: 1450126.6 | AA53: 9194.1512 | AB53: 201607.47 | AC53: 298565.7 | AE53: =+R53/$AE$12 -> 0.0015138591 | AF53: =+S53/$AE$12 -> 0.021248591 | AG53: =+T53/$AE$12 -> 0.00013940291 | AH53: =+U53/$AE$12 -> 0.00031974724 | AI53: =+V53/$AE$12 -> 0 | AJ53: =+W53/$AE$12 -> 0.0017390422 | AK53: =+X53/$AE$12 -> 0 | AL53: =+Y53/$AE$12 -> 0.0070502653 | ... AP53: =+AC53/$AE$12 -> 0.0015279918 | AR53: =+AE53*$AE$14 -> 71151.378 | AS53: =+AF53*$AE$14 -> 998683.77 | AT53: =+AG53*$AE$14 -> 6551.937 | AU53: =+AH53*$AE$14 -> 15028.12 | AV53: =+AI53*$AE$14 -> 0 | AW53: =+AJ53*$AE$14 -> 81734.984 | AX53: =+AK53*$AE$14 -> 0 | AY53: =+AL53*$AE$14 -> 331362.47 | ... BC53: =+AP53*$AE$14 -> 71815.616
A54: Total | C54: =SUM(C18:C53) -> 4600908 | D54: =SUM(D18:D53) -> 3385620 | E54: =SUM(E18:E53) -> 2981371 | F54: =SUM(F18:F53) -> 3132962 | G54: =SUM(G18:G53) -> 4749977 | H54: =SUM(H18:H53) -> 8944105 | I54: =SUM(I18:I53) -> 2349723 | J54: =SUM(J18:J53) -> 3031900 | ... O54: =SUM(O18:O53) -> 47001840 | R54: =SUM(R18:R53) -> 19127784 | S54: =SUM(S18:S53) -> 14075360 | T54: =SUM(T18:T53) -> 12394720 | U54: =SUM(U18:U53) -> 13024960 | V54: =SUM(V18:V53) -> 19747520 | W54: =SUM(W18:W53) -> 37184160 | X54: =SUM(X18:X53) -> 9768720 | Y54: =SUM(Y18:Y53) -> 12604800 | ... AC54: =SUM(AC18:AC53) -> 20075178 | BC54: =SUM(AR18:BC53) -> 47001471

Sheet Antepy Ingresos 2027 OOAD
B2: Dirección de Administración
B3: Unidad de Administración
B4: Coordinación de Conservación y Servicios Generales
B5: Coordinación Técnica de Administración de Activos
B6: División de Arrendamiento y Comercialización
B8: Progrma de Arrendaiento IMSS Arrendatario 2027
J9: pesos
B10: OOAD | C10: Expectativa de Cierre 2026 | E10: Anteproyecto 2027 | G10: Presupuesto Ajustado 2027 | I10: Proyecciones 2027 Excluidas
C11: No. Arrendamientos | D11: Monto | E11: No. Arrendamientos | F11: Monto | G11: No. Arrendamientos | H11: Monto | I11: No. Arrendamientos | J11: Monto
B12: Aguascalientes | C12: 6 | D12: 13538976 | E12: 6 | F12: 15074810 | G12: 6 | H12: 17950237
B13: Baja California | C13: 1 | D13: 4593600 | E13: 1 | F13: 4593600 | G13: 1 | H13: 4593600
B14: Baja California Sur | C14: 5 | D14: 5760811.5 | E14: 5 | F14: 5760812 | G14: 5 | H14: 5760812
B15: Campeche | C15: 1 | D15: 166920 | E15: 1 | F15: 166920 | G15: 1 | H15: 166920
B16: Chiapas | C16: 10 | D16: 3534275.1 | E16: 13 | F16: 14129090 | G16: 11 | H16: 5506208.5 | I16: 2 | J16: 8556000
B17: Chihuahua | C17: 15 | D17: 6820744.9 | E17: 16 | F17: 14632123 | G17: 16 | H17: 14124225
B18: Coahuila | C18: 7 | D18: 23095586 | E18: 7 | F18: 25405147 | G18: 7 | H18: 25405147
B19: Colima | C19: 5 | D19: 2598988 | E19: 5 | F19: 2868643 | G19: 5 | H19: 3444681
B20: Durango | C20: 12 | D20: 19166127 | E20: 13 | F20: 22892342 | G20: 12 | H20: 21082742 | I20: 1 | J20: 1809600
B21: Estado de México Oriente | C21: 1 | D21: 23056542 | E21: 1 | F21: 25362196 | G21: 1 | H21: 25362196
B22: Estado de México Poniente | C22: 9 | D22: 18714396 | E22: 11 | F22: 42203597 | G22: 9 | H22: 20627597 | I22: 2 | J22: 21576000
B23: Guanajuato | C23: 10 | D23: 8159977.2 | E23: 11 | F23: 9950378 | G23: 11 | H23: 9950378
B24: Guerrero | C24: 5 | D24: 611115.84 | E24: 5 | F24: 675710 | G24: 5 | H24: 665270
B25: Hidalgo | C25: 3 | D25: 18664982 | E25: 4 | F25: 28779938 | G25: 4 | H25: 28746404
B26: Jalisco | C26: 31 | D26: 34159577 | E26: 32 | F26: 50576766 | G26: 31 | H26: 37318424 | I26: 1 | J26: 13224000
B27: Michoacán | C27: 7 | D27: 4809848.2 | E27: 10 | F27: 8923212 | G27: 7 | H27: 5129292 | I27: 3 | J27: 3793920
B28: Morelos | C28: 2 | D28: 238270.59 | E28: 2 | F28: 262098 | G28: 2 | H28: 262098
B29: Nayarit | C29: 2 | D29: 1065599.9 | E29: 2 | F29: 1210440 | G29: 2 | H29: 1210440
B30: Nivel Central | C30: 7 | D30: 140653168 | E30: 9 | F30: 2.0237425e+08 | G30: 8 | H30: 1.7892752e+08 | I30: 1 | J30: 23446736
B31: Norte D.F. | C31: 1 | D31: 2254250.2 | E31: 1 | F31: 2479676 | G31: 1 | H31: 2479676
B32: Nuevo León | C32: 4 | D32: 2724237.5 | E32: 5 | F32: 7021767 | G32: 5 | H32: 7021767
B33: Oaxaca | C33: 17 | D33: 14246461 | E33: 20 | F33: 22541492 | G33: 17 | H33: 15532244 | I33: 3 | J33: 6792960
B34: Puebla | C34: 9 | D34: 4308348.2 | E34: 14 | F34: 7790520 | G34: 9 | H34: 4617882.1 | I34: 5 | J34: 2992800
B35: Querétaro | C35: 6 | D35: 7961072.4 | E35: 6 | F35: 8007920 | G35: 6 | H35: 7961073.4
B36: Quintana Roo | C36: 4 | D36: 7469033.5 | E36: 4 | F36: 8348178 | G36: 4 | H36: 8348178
B37: San Luis Potosí | C37: 4 | D37: 803089.9 | E37: 5 | F37: 9892424 | G37: 4 | H37: 844424 | I37: 1 | J37: 9048000
B38: Sinaloa | C38: 14 | D38: 13218079 | E38: 14 | F38: 14334950 | G38: 14 | H38: 14073950
B39: Sonora | C39: 17 | D39: 16352575 | E39: 17 | F39: 18061666 | G39: 17 | H39: 16923562
B40: Sur D.F. | C40: 3 | D40: 94228623 | E40: 3 | F40: 95908802 | G40: 3 | H40: 95908802
B41: Tabasco | C41: 1 | D41: 180000 | E41: 1 | F41: 198000 | G41: 1 | H41: 198000
B42: Tamaulipas | C42: 10 | D42: 4635441.8 | E42: 12 | F42: 5556871 | G42: 10 | H42: 4933791.5 | I42: 2 | J42: 612480
B43: Tlaxcala | C43: 2 | D43: 2311805.8 | E43: 2 | F43: 2658577 | G43: 2 | H43: 2400545.8
B44: Veracruz Norte | C44: 11 | D44: 12509642 | E44: 11 | F44: 13988869 | G44: 11 | H44: 12844019
B45: Veracruz Sur | C45: 10 | D45: 9634712.9 | E45: 12 | F45: 15550304 | G45: 11 | H45: 11805824 | I45: 1 | J45: 3744480
B46: Yucatán | E46: 1 | F46: 306000 | G46: 1 | H46: 306000
B47: Zacatecas | C47: 9 | D47: 3364620.3 | E47: 11 | F47: 4221933 | G47: 10 | H47: 4054893 | I47: 1 | J47: 167040
B48: Total | C48: =SUM(C12:C47) -> 261 | D48: =SUM(D12:D47) -> 5.256115e+08 | E48: =SUM(E12:E47) -> 293 | F48: =SUM(F12:F47) -> 7.1271003e+08 | G48: =SUM(G12:G47) -> 270 | H48: =SUM(H12:H47) -> 6.1648882e+08 | I48: =SUM(I12:I47) -> 23 | J48: =SUM(J12:J47) -> 95764016

Sheet Renvcon Increm_No_Considera ama
B3: Dirección de Administración
B4: Unidad de Administración
B5: Coordinación de Conservación y Servicios Generales
B6: Coordinación Técnica de Administración de Activos
B7: División de Arrendamiento y Comercialización
B9: Programa de Arrendaiento IMSS Arrendatario 2027
B10: Renovaciones con Incrementos No Consideradas
B12: No. | C12: Organo de Operación Administrativa Desconcentrada | D12: Dirección del inmueble arrendado | E12: Servicio | F12: Monto de renta mensual actual sin IVA | G12: Monto anual con IVA | H12: Figura Anteproyecto 2027 | I12: Importe 2027 10% | J12: Importe 2027 5% | K12: Importe 2027 5% (9 meses) | L12: Importe 2027 5% (9 meses) | M12: Importe 2027 5% (9 meses)
B13: 1 | C13: Aguascalientes | D13: Calle Ecuador No. 205, Planta Alta, Colonia Las Americas, C.P. 20230, Aguascalientes | E13: Centro de Capacitación | F13: 58610 | G13: 815851.2 | H13: Renovación con incremento | I13: =G13*1.1 -> 897436.32 | J13: =G13*1.05 -> 856643.76 | K13: =J13-G13 -> 40792.56 | L13: =K13/12*9 -> 30594.42 | M13: =G13+L13 -> 846445.62
B14: 2 | C14: Coahuila | D14: Boulevard Constitución, esquina Calle Jiménez, Zona Centro, C.P. 27080, Torreón, Coahuila | E14: Unidad de Medicina Familiar No. 80 | F14: 183860 | G14: 2559331.2 | H14: Renovación con incremento | I14: 2815265 | J14: =+G14*1.05 -> 2687297.8 | K14: =J14-G14 -> 127966.56 | L14: =K14/12*9 -> 95974.92 | M14: =G14+L14 -> 2655306.1
B15: 3 | C15: Coahuila | D15: Boulevard Isidro López Zertuche No. 2791-B, Colonia Universidad, C.P. 25260, Saltillo, Coahuila | E15: Oficinas Administrativas Subdelegacionales | F15: 163275 | G15: 2272788 | H15: Renovación con incremento | I15: 2500067 | J15: =+G15*1.05 -> 2386427.4 | K15: =J15-G15 -> 113639.4 | L15: =K15/12*9 -> 85229.55 | M15: =G15+L15 -> 2358017.5
B16: 4 | C16: Coahuila | D16: Boulevard Independencia y Calle Leona Vicario S/N, C.P. 27000, Torreón, Coahuila | E16: Oficinas Administrativas Subdelegacionales | F16: 363189.65 | G16: 5055599.9 | H16: Renovación con incremento | I16: 5561160 | J16: =+G16*1.05 -> 5308379.9 | K16: =J16-G16 -> 252780 | L16: =K16/12*9 -> 189585 | M16: =G16+L16 -> 5245184.9
B17: 5 | C17: Coahuila | D17: Boulevard Benito Juárez No. 523, Colonia Roma, C.P. 25000, Monclova, Coahuila | E17: Tienda | F17: 92308 | G17: 1284927.4 | H17: Renovación con incremento | I17: 1413421 | J17: =+G17*1.05 -> 1349173.7 | K17: =J17-G17 -> 64246.368 | L17: =K17/12*9 -> 48184.776 | M17: =G17+L17 -> 1333112.1
B18: 6 | C18: Coahuila | D18: Calle Presidente Cárdenas No. 197 Oriente, Zona Centro, C.P. 25000, Saltillo, Coahuila | E18: Tienda | F18: 89533 | G18: 1246299.4 | H18: Renovación con incremento | I18: 1370930 | J18: =+G18*1.05 -> 1308614.3 | K18: =J18-G18 -> 62314.968 | L18: =K18/12*9 -> 46736.226 | M18: =G18+L18 -> 1293035.6
B19: 7 | C19: Coahuila | D19: Calle Egipto esquina José Sarmiento S/N, Fraccionamiento Virreyes Obrera, C.P. 25220, Saltillo, Coahuila | E19: Archivo de Concentración y Oficina de Servicios Generales | F19: 83000 | G19: 1155360 | H19: Renovación con incremento | I19: 1270896 | J19: =+G19*1.05 -> 1213128 | K19: =J19-G19 -> 57768 | L19: =K19/12*9 -> 43326 | M19: =G19+L19 -> 1198686
B20: 8 | C20: Colima | D20: Avenida de los Deportistas No. 1144, Colonia El Tecolote, C.P. 28090, Colima, Colima. | E20: Sub-almacén | F20: 85000 | G20: 1183200 | H20: Renovación con incremento | I20: 1301520 | J20: =+G20*1.05 -> 1242360 | K20: =J20-G20 -> 59160 | L20: =K20/12*9 -> 44370 | M20: =G20+L20 -> 1227570
B21: 9 | C21: Chihuahua | D21: Av. Henry Dunat No.4508,Zona Pronaf C.P. 32315, Ciudad Juarez, Chihuahua | E21: Oficinas Administrativas Subdelegacionales Juárez II | F21: 94500 | G21: 1224720 | H21: Renovación con incremento | I21: 1347192 | J21: =+G21*1.05 -> 1285956 | K21: =J21-G21 -> 61236 | L21: =K21/12*9 -> 45927 | M21: =G21+L21 -> 1270647
B22: 10 | C22: Chihuahua | D22: Avenida Tecnológico No. 343, Colonia Barrio Lerdo, C.P. 31520, Ciudad Cuauhtémoc, Chihuahua | E22: Oficinas Administrativas Subdelegacionales | F22: 20326 | G22: 282937.92 | H22: Renovación con incremento | I22: 311232 | J22: =+G22*1.05 -> 297084.82 | K22: =J22-G22 -> 14146.896 | L22: =K22/12*9 -> 10610.172 | M22: =G22+L22 -> 293548.09
B23: 11 | C23: Chihuahua | D23: Calle Pedro de Lille No. 3, Colonia Centro, C.P. 33890, Hidalgo del Parral, Chihuahua | E23: Oficinas Administrativas Subdelegacionales | F23: 33735 | G23: 469591.2 | H23: Renovación con incremento | I23: 516551 | J23: =+G23*1.05 -> 493070.76 | K23: =J23-G23 -> 23479.56 | L23: =K23/12*9 -> 17609.67 | M23: =G23+L23 -> 487200.87
B24: 12 | C24: Nivel Central | D24: Calle Río Pánuco N° 224, Colonia Cuauhtémoc, C.P. 06500, Alcaldía Cuauhtémoc, Nivel Central. | E24: Oficinas Administrativas Nivel Central | F24: 1102464 | G24: 13229568 | H24: Renovación con incremento | I24: 14552525 | J24: =+G24*1.05 -> 13891046 | K24: =J24-G24 -> 661478.4 | L24: =K24/12*9 -> 496108.8 | M24: =G24+L24 -> 13725677
B25: 13 | C25: Nivel Central | D25: Calle Hamburgo N° 18, Colonia Juárez, C.P. 06600, Alcaldía Cuauhtémoc, Nivel Central. | E25: Oficinas Administrativas Nivel Central | F25: 617287.55 | G25: 8670758 | H25: Renovación con incremento | I25: 9537834 | J25: =+G25*1.05 -> 9104295.9 | K25: =J25-G25 -> 433537.9 | L25: =K25/12*9 -> 325153.43 | M25: =G25+L25 -> 8995911.4
... B52: 40 | C52: Nuevo León | D52: Avenida Benito Juárez N°. 2000, Fraccionamiento La Hacienda, C.P. 67150, Guadalupe, Nuevo León | E52: Centro de Seguridad Social No. 3 | F52: 33327.84 | G52: 463923.53 | H52: Renovación con incremento | I52: 510316 | J52: =+G52*1.05 -> 487119.71 | K52: =J52-G52 -> 23196.177 | L52: =K52/12*9 -> 17397.132 | M52: =G52+L52 -> 481320.67
B53: 41 | C53: Nuevo León | D53: Km. 178 de la Carretera Central, Colonia Centro, C.P. 67865, San Rafael Galeana, Nuevo León | E53: Unidad de Medicina Familiar N°. 52 | F53: 7000 | G53: 97440 | H53: Renovación con incremento | I53: =+G53*1.1 -> 107184 | J53: =+G53*1.05 -> 102312 | K53: =J53-G53 -> 4872 | L53: =K53/12*9 -> 3654 | M53: =G53+L53 -> 101094
B54: 42 | C54: Oaxaca | D54: Calle Pino Suárez Nº. 33, Colonia San José, C.P. 68200, San Pedro y San Pablo Villa Etla, Oaxaca | E54: Unidad de Medicina Familiar Nº. 57 | F54: 8500 | G54: 118320 | H54: Renovación con incremento | I54: 130152 | J54: =+G54*1.05 -> 124236 | K54: =J54-G54 -> 5916 | L54: =K54/12*9 -> 4437 | M54: =G54+L54 -> 122757
B55: 43 | C55: Oaxaca | D55: Avenida Hidalgo No. 1404, esquina González Ortega, Colonia Centro, C.P. 68000, Oaxaca, Oaxaca | E55: Guardería Nº. 01 | F55: 130000 | G55: 1809600 | H55: Renovación con incremento | I55: 1990560 | J55: =+G55*1.05 -> 1900080 | K55: =J55-G55 -> 90480 | L55: =K55/12*9 -> 67860 | M55: =G55+L55 -> 1877460
B56: 44 | C56: Oaxaca | D56: Calle Armenta y López Nº. 821 Colonia Centro, C.P. 68000, Oaxaca, Oaxaca | E56: Oficinas Administrativas Subdelegacionales | F56: 145348.67 | G56: 2023253.5 | H56: Renovación con incremento | I56: 2225579 | J56: =+G56*1.05 -> 2124416.2 | K56: =J56-G56 -> 101162.67 | L56: =K56/12*9 -> 75872.006 | M56: =G56+L56 -> 2099125.5
B57: 45 | C57: Oaxaca | D57: Calle Arista Nº. 185,Colonia La Piragua, CP. 68300, Tuxtepec, Oaxaca | E57: Tienda No. 110 IMSS-SNTSS | F57: 15286.31 | G57: 212785.44 | H57: Renovación con incremento | I57: 234064 | J57: =+G57*1.05 -> 223424.71 | K57: =J57-G57 -> 10639.272 | L57: =K57/12*9 -> 7979.4538 | M57: =G57+L57 -> 220764.89
B58: 46 | C58: Oaxaca | D58: Calle Hombres Ilustres Nº. 910, Colonia Centro, C.P. 70300, Matías Romero, Oaxaca | E58: Tienda No. 151 IMSS-SNTSS | F58: 21000 | G58: 292320 | H58: Renovación con incremento | I58: 321552 | J58: =+G58*1.05 -> 306936 | K58: =J58-G58 -> 14616 | L58: =K58/12*9 -> 10962 | M58: =G58+L58 -> 303282
B59: 47 | C59: Oaxaca | D59: Avenida Morelos Nº. 21, Colonia Centro, C.P. 69800, Asunción Tlaxiaco, Oaxaca | E59: Tienda No. 52 IMSS-SNTSS | F59: 12798 | G59: 178148.16 | H59: Renovación con incremento | I59: 195963 | J59: =+G59*1.05 -> 187055.57 | K59: =J59-G59 -> 8907.408 | L59: =K59/12*9 -> 6680.556 | M59: =G59+L59 -> 184828.72
B60: 48 | C60: Puebla | D60: Calle Nardos Nº. 31, Colonia Bugambilias, C.P. 72580, Puebla, Puebla | E60: Unidad de Medicina Familiar Nº. 13 | F60: 75000 | G60: 1044000 | H60: Renovación con incremento | I60: 1148400 | J60: =+G60*1.05 -> 1096200 | K60: =J60-G60 -> 52200 | L60: =K60/12*9 -> 39150 | M60: =G60+L60 -> 1083150
B61: 49 | C61: Puebla | D61: Avenida Benito Juárez Nº. 28, Colonia Centro Plaza Puig Locales 6-13, 18-26, 28 y 29, C.P. 74400, Izucar de Matamoros, Puebla | E61: Oficinas Administrativas Subdelegacionales | F61: 24647.14 | G61: 343088.19 | H61: Renovación con incremento | I61: 377398 | J61: =+G61*1.05 -> 360242.6 | K61: =J61-G61 -> 17154.409 | L61: =K61/12*9 -> 12865.807 | M61: =G61+L61 -> 355954
B62: 50 | C62: Puebla | D62: Calle 4 Norte No. 120, Colonia Ignacio Zaragoza, C.P. 75770, Tehuacán, Puebla | E62: Oficinas Administrativas Subdelegacionales | F62: 50000 | G62: 696000 | H62: Renovación con incremento | I62: 765600 | J62: =+G62*1.05 -> 730800 | K62: =J62-G62 -> 34800 | L62: =K62/12*9 -> 26100 | M62: =G62+L62 -> 722100
B63: 51 | C63: Puebla | D63: Calle 3 Sur Nº. 2108, Colonia El Carmen, C.P. 72530, Puebla, Puebla | E63: Oficinas Administrativas Delegacionales (Conservación, Jefatura 8, Seguridad en el Trabajo, Departamento de Guarderías, Coordinación de Competitividad y Calidad, Departamento de Relaciones Laborales) | F63: 42717.34 | G63: 594625.37 | H63: Renovación con incremento | I63: 654088 | J63: =+G63*1.05 -> 624356.64 | K63: =J63-G63 -> 29731.269 | L63: =K63/12*9 -> 22298.451 | M63: =G63+L63 -> 616923.82
B64: 52 | C64: Quintana Roo | D64: Calle 61 Nº. 476, entre Calle 66 Y 68, Colonia Centro, C.P. 77200, Felipe Carrillo Puerto, Quintana Roo | E64: Unidad de Medicina Familiar No. 6 | F64: 5000 | G64: 69600 | H64: Renovación con incremento | I64: 76560 | J64: =+G64*1.05 -> 73080 | K64: =J64-G64 -> 3480 | L64: =K64/12*9 -> 2610 | M64: =G64+L64 -> 72210
B65: 53 | C65: Quintana Roo | D65: Avenida Calzada Veracruz No. 247, Colonia Adolfo López Mateos, C.P. 77010, Othon Puente Blanco, Chetumal, Quintana Roo | E65: Tienda IMSS-SNTSS | F65: 32600 | G65: 453792 | H65: Renovación con incremento | I65: 499172 | J65: =+G65*1.05 -> 476481.6 | K65: =J65-G65 -> 22689.6 | L65: =K65/12*9 -> 17017.2 | M65: =G65+L65 -> 470809.2
... B90: 78 | C90: Sur D.F. | D90: Calle Yucatán No. 15, Colonia Hipódromo Condesa, Alcaldía Cuauhtémoc, C.P. 06700Ciudad de México, D.F. Sur | E90: Oficinas Administrativas Subdelegacionales No. 6 y Oficinas Delegacionales por 2,500.00 m2 (Diversas áreas) | F90: 1207024.5 | G90: 16801781 | H90: Renovación con incremento | I90: 18481959 | J90: =+G90*1.05 -> 17641870 | K90: =J90-G90 -> 840089.04 | L90: =K90/12*9 -> 630066.78 | M90: =G90+L90 -> 17431848
E91: Total | F91: =SUM(F13:F90) -> 14930542 | G91: =SUM(G13:G90) -> 2.0225162e+08 | I91: =SUM(I13:I90) -> 2.2256381e+08 | J91: =SUM(J13:J90) -> 2.123642e+08 | K91: =SUM(K13:K90) -> 10112581 | L91: =SUM(L13:L90) -> 7584435.9 | M91: =SUM(M13:M90) -> 2.0983606e+08
J93: 12 meses | K93: 9 meses | L93: 9 meses | M93: 9 meses
H94: Requerido 10% | J94: =+I91-G91 -> 20312182
H95: Requerido 5% | J95: =+J91-G91 -> 10112581 | K95: =+G91-K91 -> 1.9213904e+08 | L95: =+H91-L91 -> -7584435.9 | M95: =+I91-M91 -> 12727746
H97: Diferencia 10% vs 5% | J97: =+I91-J91 -> 10199601

Sheet Hoja2

Sheet Hoja3
